Workbook
Name TABLA_DE_CONTENIDO__A1: 'GENERALIDADES '!#REF!

Sheet PORTADA
C1: MINISTERIO DE TRANSPORTE
A3: INSTITUTO NACIONAL DE VIAS
A4: SUBDIRECCION GESTIÓN INTEGRAL DE CARRETERAS NACIONALES
A14: INFORME TRIMESTRAL
A15: DEL ADMINISTRADOR VIAL GRUPO No. 1
A16: VERSIÓN No. 2 DE FECHA: 28/10/2024
A17: CONSORCIO PROIN
A18: TERRITORIAL NARIÑO
A22: CARRETERAS:
A23: 1001 TUMACO - JUNIN
A24: 0501 ESPRIELLA - RIO MIRA - RIO MATAJE
A39: TRIMESTRE: AGOSTO - SEPTIEMBRE / 2024
A41: San Andrés de Tumaco, Octubre, 2024

Sheet TABLA DE CONTENIDO
A1: INSTITUTO NACIONAL DE VIAS
A2: INFORME TRIMESTRAL PERIODO AGOSTO - SEPTIEMBRE DE 2024
A3: ADMINISTRACION VIAL GRUPO 1 TERRITORIAL NARIÑO
A5: TABLA DE CONTENIDO
A7: ITEM | B7: DESCRIPCION
A9: Cuadro No. 1 | B9: Generalidades
A10: Cuadro No. 2 | B10: Cumplimiento indicadores de servicio de mantenimiento rutinario (M.R)
A11: Cuadro No. 3 | B11: Relación estado de la red criterio de transitabilidad (visual)
A12: Gráfico No. 1 | B12: Estado de las vías criterio de transitabilidad - visual (Semáforo)
A13: Gráfico No. 2 | B13: Estado de las vías en Torta-CRITERIO DE TRANSITABILIDAD (VISUAL)
A14: Cuadro No. 4 | B14: Relación estado de la red CRITERIO TÉCNICO
A15: Gráfico No. 3 | B15: Estado de la red CRITERIO TÉCNICO
A16: Gráfico No. 4 | B16: Estado de la Red en Torta - CRITERIO TECNICO
A17: Mapa No. 1 | B17: Estado de la red y sitios críticos de inestabilidad
A18: Cuadro No. 5 | B18: Necesidades preventivas de las vías
A19: Cuadro No. 6 | B19: Necesidades críticas de las vías
... A41: Capacitación Trabajadores Servicio M.R. | B41: Capacitación Trabajadores Servicio de Mantenimiento Rutinario

Sheet GENERALIDADES 
B1: INSTITUTO NACIONAL DE VIAS
B2: DIRECCION TERRITORIAL NARIÑO
B4: CUADRO No. 1
B6: GENERALIDADES
B8: NOMBRE DEL (DE LOS) INGENIERO(S) RESIDENTE(S): | D8: JAIRO ANDRES VILLARREAL PANTOJA
B9: NOMBRE DEL INGENIERO AUXILIAR I: | D9: YINO FAUSTO MORENO ZAPATA
B10: NOMBRE DEL INGENIERO AUXILIAR II: | D10: CARLOS ANDRES ASCUNTAR BOTINA
B11: SECTOR ADMINISTRADO: | D11: 1001 TUMACO - JUNÍN, 0501 ESPRIELLA - RÍO MIRA - RÍO MATAJE
B12: DIRECCION OFICINA: | D12: BARRIO IBERIA FRENTE 1ER TANQUE ECOPETROL VÍA TUMACO JUNÍN PR8+300 MUNICIPIO DE TUMACO
B13: TELEFONO OFICINA: | D13: 313 4961051
B14: CELULARES | I14: CORREO ELECTRONICO: amvnar1200324@gmail.com
B15: Ingeniero(s) Residente(s): | D15: 311 4241776
B16: Ingeniero Auxiliar I: | D16: 315 4596419
B17: Ingeniero Auxiliar II: | D17: 316 2216028
B20: CARRETERAS A CARGO
B21: CARRETERA | C21: CODIGO | D21: LONGITUD (km) | G21: PRi | H21: PRf | I21: No. DE PUENTES | J21: MICROEMPRESA | K21: OBSERVACIONES
D22: P | E22: A | F22: T
B23: TUMACO - JUNÍN | C23: 1001 | D23: 45.43 | F23: 45.43 | G23: 0+0000 | H23: 45+0660 | I23: 5 | J23: COOPERATIVA DE TRABAJO ASOCIADO EL MIRA LTDA | K23: SEGÚN EL CONTRATO No. 3751 DE 2024 SON 45,43 KM (TIPO II)
B24: TUMACO - JUNÍN | C24: 1001 | D24: 34.874 | F24: 34.874 | G24: 45+0660 | H24: 80+0000 | I24: 2 | J24: COOPERATIVA DE TRABAJO ASOCIADO LOS ANDES | K24: SEGÚN EL CONTRATO No 3712 DE 2024 SON 44.88 KM (TIPO II)
B25: ESPRIELLA - RÍO MATAJE | C25: 0501 | D25: 10.4 | F25: 10.4 | G25: 0+0000 | H25: 10+0400 | I25: 1
B26: TUMACO - JUNÍN | C26: 1001 | D26: 39.49 | F26: 39.49 | G26: 80+0000 | H26: 118+1006 | I26: 0 | J26: COOPERATIVA DE TRABAJO ASOCIADO GUAYACAN | K26: SEGÚN EL CONTRATO No 3715 DE 2024 SON TIPO II (28.54 KM), TIPO III (10.95 KM)
B27: TOTALES | D27: =SUM(D23:D26) -> 130.194 | E27: =SUM(E23:E26) -> 0 | F27: =SUM(F23:F26) -> 130.194 | I27: 8
C28: P: Pavimento | F28: A: Afirmado | I28: T. Total
K30: VOLVER A TABLA DE CONTENIDO
B32: NOTA: CUALQUIER CAMBIO DE DIRECCION, CORREO ELECTRONICO O TELEFONO SE DEBE INFORMAR
D33: =SUM(D23,D24,D26) -> 119.794

Sheet CUMPLIMIENTO % 
A1: INSTITUTO NACIONAL DE VIAS
A2: DIRECCION TERRITORIAL NARIÑO
A3: CUADRO No. 2
A5: CUMPLIMIENTO INDICADORES DE SERVICIO DE MANTENIMIENTO RUTINARIO (M.R.)
A7: INGENIERO(S) RESIDENTE(S): | C7: JAIRO ANDRES VILLARREAL PANTOJA | I7: FECHA:30/09/2024
A9: CONTRATISTA DE M.R. | C9: CONTRATISTA DE SERVICIO DE M.R. | E9: CONTRATISTA DE SERVICIO DE M.R. | G9: CONTRATISTA DE SERVICIO DE M.R. | I9: CONTRATISTA DE SERVICIO DE M.R.
C10: =+'GENERALIDADES '!J23 -> COOPERATIVA DE TRABAJO ASOCIADO EL MIRA LTDA | E10: =+'GENERALIDADES '!J24 -> COOPERATIVA DE TRABAJO ASOCIADO LOS ANDES | G10: =+E10 -> COOPERATIVA DE TRABAJO ASOCIADO LOS ANDES | I10: =+'GENERALIDADES '!J26 -> COOPERATIVA DE TRABAJO ASOCIADO GUAYACAN
A11: INDICADOR | C11: % | E11: % | G11: % | I11: %
A12: ROCERIA Y DESM. MANUAL | C12: 0 | E12: 0 | G12: 0 | I12: 0
A13: LIMPIEZA MANUAL CUNETAS | C13: 0 | E13: 0 | G13: 0 | I13: 0
A14: LIMPIEZA ENCOLES Y DESCOLES | C14: 0 | E14: 0 | G14: 0 | I14: 0
A15: LIMPIEZA OBRAS DE ARTE | C15: 0 | E15: 0 | G15: 0 | I15: 0
A16: MANTENIMIENTO PUENTES | C16: 0 | E16: 0 | G16: 0 | I16: 0
A17: LIMPIEZA SEÑALES Y MOJONES | C17: 0 | E17: 0 | G17: 0 | I17: 0
A18: DESPEJE DE DERRUMBES | C18: 0 | E18: 0 | G18: 0 | I18: 0
A19: PINTURA, RENOVACIÓN DE INDICACIONES EN EL MOJON | C19: 0 | E19: 0 | G19: 0 | I19: 0
A20: BACHEO CARRETERA PAV. | C20: 0 | E20: 0 | G20: 0 | I20: 0
A21: PARCHEO CARRETERA PAV. | C21: 0 | E21: 0 | G21: 0 | I21: 0
A22: LIMPIEZA DE LA CALZADA | C22: 0 | E22: 0 | G22: 0 | I22: 0
A23: ARBORIZACION (SIEMBRA) | C23: 0 | E23: 0 | G23: 0 | I23: 0
... A25: ATENCION DE EMERGENCIAS | C25: 0 | E25: 0 | G25: 0 | I25: 0
A28: OBSERVACIONES : | C28: BUENO | E28: REGULAR | G28: MALO | I28: NO HUBO
A29: Los contratos con los CONTRATISTA DE M.R. a la fecha 30 de septiembre 2024, no cuentan con Orden de Inicio
A30: * Indicar nombre de cada microempresa a la que se le aplica el indicador. Resolución N°
A31: En caso de no cumplir totalmente con el indicador, informar la razón.
A32: Indicar el Porcentaje de cumplimiento mensual para cada CONTRATISTA DE SERVICIO DE MANTENIMIENTO RUTINARIO | G32: VOLVER A TABLA DE CONTENIDO

Sheet ESTADO RED VIS
A1: INSTITUTO NACIONAL DE VIAS
A2: DIRECCION TERRITORIAL NARIÑO
A4: CUADRO No 3
A6: RELACION ESTADO DE LA RED CRITERIO DE TRANSITABILIDAD (VISUAL)
A8: INGENIERO(S) RESIDENTE(S): | C8: JAIRO ANDRES VILLARREAL PANTOJA | G8: TRIMESTRE EVALUADO: | H8: AGO - SEP/2024
A10: CODIGO VIA | B10: PR INICIAL | C10: PR FINAL | D10: CARRETERA | F10: Kms. | G10: TIPO DE SUPERFICIE | H10: ESTADO
A13: 1001 | B13: 0 | C13: 60800 | D13: Tumaco - Junin | F13: 6.745 | G13: P | H13: M
A15: 1001 | B15: =+C13 -> 60800 | C15: 70000 | D15: Tumaco - Junin | F15: 0.2 | G15: P | H15: M
A17: 1001 | B17: =+C15 -> 70000 | C17: 140000 | D17: Tumaco - Junin | F17: 6.918 | G17: P | H17: R
A19: 1001 | B19: =+C17 -> 140000 | C19: 180000 | D19: Tumaco - Junin | F19: 3.988 | G19: P | H19: M
A21: 1001 | B21: =+C19 -> 180000 | C21: 190000 | D21: Tumaco - Junin | F21: 1.005 | G21: P | H21: R
A23: 1001 | B23: =+C21 -> 190000 | C23: 1100065 | D23: Tumaco - Junin | F23: =92.839-1.005 -> 91.834 | G23: P | H23: B
A25: 1001 | B25: =C23 -> 1100065 | C25: 1181006 | D25: Tumaco - Junin | F25: 9.1 | G25: P | H25: R
F26: =SUM(F13:F25) -> 119.79
A27: 0501 | B27: 0 | C27: 5+0066 | D27: Espriella - Rio Mataje | F27: 5.066 | G27: P | H27: B
A29: 0501 | B29: =+C27 -> 5+0066 | C29: 5+0751 | D29: Espriella - Rio Mataje | F29: 0.685 | G29: P | H29: B
A31: 0501 | B31: 5+0751 | C31: 10+0400 | D31: Espriella - Rio Mataje | F31: 4.649 | G31: P | H31: B
F33: =SUM(F27:F32) -> 10.4
F34: =+F26+F33 -> 130.19
A37: NOTA: Entre el PR 5+0065 hasta el PR 5+0455 se construyó el puente sobre el Rio Mira y desde el PR 005+0455 hasta el PR 005+0751 se construyó el viaducto de acceso al puente. Para la fecha aún no está en servicio oficial
F40: CONVENCIONES | H40: NO CAMBIAR ESTOS TIPOS DE COLORES
F41: B | G41: BUENO
F42: R | G42: REGULAR
F43: M | G43: MALO
F45: VOLVER A TABLA DE CONTENIDO

Sheet SEMAFORO VIS 1001
A1: INSTITUTO NACIONAL DE VIAS
A2: DIRECCION TERRITORIAL NARIÑO
A3: GRAFICO No. 1
A4: ESTADO DE LAS VIAS CRITERIO DE TRANSITABILIDAD (VISUAL)
A6: NOMBRE DE LA VIA: | B6: TUMACO - JUNIN | DS6: Codigo de la vía: | DT6: 1001
A8: SECTOR | B8: 1 | G8: TUMACO (PASO URBANO) | DQ8: PR0+0000 A PR6+0800
B9: 2 | G9: TUMACO (PASO URBANO) | DQ9: PR6+0800 A PR7+0000
B10: 3 | G10: TUMACO (PASO URBANO) | DQ10: PR7+0000 A PR14+0000
B11: 5 | G11: TUMACO - JUNIN (EL TIGRE) | DQ11: PR14+0000 A PR18+0000
B12: 5 | G12: TUMACO - JUNIN (EL DIVISO) | DQ12: PR18+0000 A PR110+0065
B13: 5 | G13: TUMACO - JUNIN (EL DIVISO) | DQ13: PR110+0065 A PR118+1006
A15: INGENIERO RESIDENTE: | J15: JAIRO ANDRES VILLARREAL PANTOJA | DS15: TRIMESTRE EVALUADO | DT15: =+'ESTADO RED VIS'!H8 -> AGO - SEP/2024
A44: CODIGO | B44: SECTOR | DR44: Longitud y Porcentaje
B45: 1 | H45: 2 | T45: 3 | DH45: 4 | DR45: sobre el total de la vía
A46: PR | B46: 10 | L46: 20 | V46: 30 | AF46: 40 | AP46: 50 | AZ46: 60 | BJ46: 70 | BT46: 80 | CD46: 90 | CN46: 100 | CX46: 110 | DH46: 118+1006 | DR46: o del item
A47: ITEM | DR47: B | DT47: R | DV47: M
DR48: km | DS48: % | DT48: km | DU48: % | DV48: km | DW48: %
A49: Pavimento | DQ49: Regular
DR50: =+'ESTADO RED VIS'!F23 -> 91.834 | DS50: =+DR50/'ESTADO RED VIS'!F26*100 -> 76.662493 | DT50: =+'ESTADO RED VIS'!F17+'ESTADO RED VIS'!F21+'ESTADO RED VIS'!F25 -> 17.023 | DU50: =+DT50/'ESTADO RED VIS'!F26*100 -> 14.210702 | DV50: =+'ESTADO RED VIS'!F13+'ESTADO RED VIS'!F15+'ESTADO RED VIS'!F19 -> 10.933 | DW50: =+DV50/'ESTADO RED VIS'!F26*100 -> 9.1268052 | EK50: =+DV50+DT50+DR50 -> 119.79 | EL50: =+DW50+DU50+DS50 -> 100 | EO50: 0.28277356 | EP50: M
A51: Afirmado | EO51: 0.19934995 | EP51: R
EO52: 0.51787649 | EP52: B
A53: Puentes ( Son: 7 )
DS54: =DR54/$EK54*100 -> 0 | DT54: 6 | DU54: =DT54/$EK54*100 -> 85.714286 | DV54: 1 | DW54: =DV54/7*100 -> 14.285714 | EK54: =+DV54+DT54+DR54 -> 7 | EL54: =+DW54+DU54+DS54 -> 100
A55: Cunetas
DR56: =10.393+8.961 -> 19.354 | DS56: =DR56/$EK56*100 -> 24.074235 | DT56: 14 | DU56: =DT56/$EK56*100 -> 17.414452 | DV56: =56-8.961 -> 47.039 | DW56: =DV56/$EK56*100 -> 58.511313 | EK56: =+DV56+DT56+DR56 -> 80.393 | EL56: =+DW56+DU56+DS56 -> 100
A57: Señalización Vertical
DR58: =119.79*DS58/100 -> 62.036425 | DS58: =+EO52*100 -> 51.787649 | DT58: =119.79*DU58/100 -> 23.88013 | DU58: =+EO51*100 -> 19.934995 | DV58: =119.79*DW58/100 -> 33.873445 | DW58: =+EO50*100 -> 28.277356 | EK58: =+DV58+DT58+DR58 -> 119.79 | EL58: =+DW58+DU58+DS58 -> 100
A59: Señalización horizontal
DR60: =119.79-13-7 -> 99.79 | DS60: =DR60/$EK60*100 -> 83.304116 | DT60: 13 | DU60: =DT60/$EK60*100 -> 10.852325 | DV60: 7 | DW60: =DV60/$EK60*100 -> 5.8435596 | EK60: =+DV60+DT60+DR60 -> 119.79 | EL60: =+DW60+DU60+DS60 -> 100
A61: Rocería
DS62: =DR62/$EK62*100 -> 0 | DT62: 119.79 | DU62: =DT62/$EK62*100 -> 100 | DW62: =DV62/$EK62*100 -> 0 | EK62: =+DV62+DT62+DR62 -> 119.79 | EL62: =+DW62+DU62+DS62 -> 100
A63: Alcantarillas | DY63: CONVENCIONES | EA63: NO CAMBIAR ESTOS TIPOS DE COLORES
DS64: =DR64/$EK64*100 -> 0 | DT64: 119.79 | DU64: =DT64/$EK64*100 -> 100 | DY64: B | DZ64: BUENO | EK64: =+DV64+DT64+DR64 -> 119.79 | EL64: =+DW64+DU64+DS64 -> 100
A65: Limpiezas de bermas | DY65: R | DZ65: REGULAR
DT66: 100.56 | DU66: =DT66/$EK66*100 -> 100 | DW66: =DV66/$EK66*100 -> 0 | DY66: M | DZ66: MALO | EK66: =+DV66+DT66+DR66 -> 100.56 | EL66: =+DW66+DU66+DS66 -> 100
A68: NOTA: Indicar en el mapa los PRs y nombre de cada uno de los sitios importantes
A69: Hacer montaje del mapa de la red vial sobre cartografía o mapas aerofotogramétricos
DR70: VOLVER A TABLA DE CONTENIDO

Sheet SEMAFORO VIS 0501
A1: INSTITUTO NACIONAL DE VIAS
A2: DIRECCION TERRITORIAL NARIÑO
A3: GRAFICO No. 1
A4: ESTADO DE LAS VIAS CRITERIO DE TRANSITABILIDAD (VISUAL)
A6: NOMBRE DE LA VIA: | B6: LA ESPRIELLA - RÍO MIRA - RÍO MATAJE | DD6: Codigo de la vía: | DE6: 0501
A8: SECTOR | B8: 01 | G8: ESPRIELLA - RIO MATAJE | DC8: PR0+0000 A PR5+0066
B9: 2 | G9: ESPRIELLA - RIO MATAJE | DC9: PR5+0066 A PR5+0751
B10: 3 | G10: ESPRIELLA - RIO MATAJE | DC10: PR5+0751 A PR10+0400
A12: INGENIERO RESIDENTE: | J12: JAIRO ANDRES VILLARREAL PANTOJA | DD12: TRIMESTRE EVALUADO | DE12: =+'SEMAFORO VIS 1001'!DT15 -> AGO - SEP/2024
A41: CODIGO | B41: SECTOR | DC41: Longitud y Porcentaje
B42: 1 | AD42: 2 | BC42: 3 | DC42: sobre el total de la vía
A43: PR | B43: 1 | L43: 2 | V43: 3 | AF43: 4 | AP43: 5 | AZ43: 6 | BJ43: 7 | BT43: 8 | CD43: 9 | CN43: 10+0400 | DC43: o del item
A44: ITEM | DC44: B | DE44: R | DG44: M
DC45: km | DD45: % | DE45: km | DF45: % | DG45: km | DH45: %
A46: Pavimento
DC47: =+'ESTADO RED VIS'!F27+'ESTADO RED VIS'!F29+'ESTADO RED VIS'!F31 -> 10.4 | DD47: =+DC47/10.4*100 -> 100 | DI47: =+DG47+DG49 -> 0 | DL47: =+DG47+DE47+DC47 -> 10.4 | DM47: =+DH47+DF47+DD47 -> 100
A48: Afirmado
DD49: =+DC49/10.4*100 -> 0 | DE49: 0 | DF49: =+DE49/10.01*100 -> 0 | DL49: =+DG49+DE49+DC49 -> 0 | DM49: =+DH49+DF49+DD49 -> 0 | DP49: PUENTE RIO MIRA | DQ49: 5065.92 | DR49: 5455.92 | DS49: =+DR49-DQ49 -> 390
A50: Puentes | DI50: =SUM(DI47:DI49) -> 0 | DP50: VIADUCTO | DQ50: 5455.92 | DR50: 5751.14 | DS50: =+DR50-DQ50 -> 295.22
DC51: 0.695 | DD51: =+DC51/10.01*100 -> 6.9430569 | DE51: 0 | DG51: 0 | DL51: =+DG51+DE51+DC51 -> 0.695 | DM51: =+DH51+DF51+DD51 -> 6.9430569 | DS51: =SUM(DS49:DS50) -> 685.22
A52: Cunetas | DS52: =+DS51/1000 -> 0.68522
DC53: 10.4 | DD53: =+DC53/10.4*100 -> 100 | DH53: =+DG53/10.4*100 -> 0 | DL53: =+DG53+DE53+DC53 -> 10.4 | DM53: =+DH53+DF53+DD53 -> 100 | DS53: 10.4
A54: Señalización Vertical | DS54: =+DS53-DS52 -> 9.71478
DC55: 10.4 | DD55: =+DC55/10.4*100 -> 100 | DE55: 0 | DF55: =DE55/DL55*100 -> 0 | DL55: =+DG55+DE55+DC55 -> 10.4 | DM55: =+DH55+DF55+DD55 -> 100
A56: Señalización horizontal
DC57: 10.4 | DD57: =+DC57/10.4*100 -> 100 | DH57: =DG57/$DL$57*100 -> 0 | DL57: =+DG57+DE57+DC57 -> 10.4 | DM57: =+DH57+DF57+DD57 -> 100
A58: Rocería
DC59: 0 | DD59: 0 | DE59: 10.4 | DF59: 100
A60: Alcantarillas
DE61: 10.4 | DF61: 100 | DL61: =+DG61+DE61+DC61 -> 10.4 | DM61: =+DH61+DF61+DD61 -> 100 | DN61: 100
A62: Limpiezas de bermas
DE63: 10.4 | DF63: 100 | DL63: =+DG63+DE63+DC63 -> 10.4 | DM63: =+DH63+DF63+DD63 -> 100 | DN63: 100
A65: NOTA: Entre el PR 5+0065 hasta el PR 5+0455 se construyó el puente sobre el Rio Mira y desde el PR 005+0455 hasta el PR 005+0751 se construyó el viaducto de acceso al puente para la fecha ya tiene transitabilidad normal
A67: NOTA: Indicar en el mapa los PRs y nombre de cada uno de los sitios importantes
A68: Hacer montaje del mapa de la red vial sobre cartografía o mapas aerofotogramétricos
DC71: VOLVER A TABLA DE CONTENIDO

Sheet TORTA EST. VIAS VIS
A1: INSTITUTO NACIONAL DE VIAS
A2: DIRECCION TERRITORIAL NARIÑO
A4: GRAFICO No. 2
A6: ESTADO DE LAS VIAS EN TORTA-CRITERIO DE TRANSITABILIDAD (VISUAL)
A8: INGENIERO RESIDENTE: | B8: JAIRO ANDRES VILLARREAL PANTOJA
A10: TRIMESTRE EVALUADO: | B10: =+'SEMAFORO VIS 0501'!DE12 -> AGO - SEP/2024
A13: CARRETERA | B13: TRIMESTRE ANTERIOR | C13: TRIMESTRE EVALUADO
A16: RUTA 1001 TUMACO - JUNIN
Q19: TUMACO - JUNIN
R20: BUENO | S20: REGULAR | T20: MALO
Q21: Anterior | R21: 0.76662493 | S21: 0.14210702 | T21: 0.091268052
Q22: Presente | R22: =+'SEMAFORO VIS 1001'!DS50/100 -> 0.76662493 | S22: =+'SEMAFORO VIS 1001'!DU50/100 -> 0.14210702 | T22: =+'SEMAFORO VIS 1001'!DW50/100 -> 0.091268052
A26: RUTA 0501 LA ESPRIELLA - RÍO MIRA - RÍO MATAJE
Q27: ESPRIELLA - RÍO MATAJE
R28: BUENO | S28: REGULAR | T28: MALO
Q29: Anterior | R29: 1 | S29: 0 | T29: 0
Q30: Presente | R30: 1 | S30: 0 | T30: 0
A37: CONVENCIONES | B37: NO CAMBIAR ESTOS TIPOS DE COLORES
A38: BUENO
A39: REGULAR
A40: MALO | C40: VOLVER A TABLA DE CONTENIDO

Sheet ESTADO RED TEC
A1: INSTITUTO NACIONAL DE VIAS
A2: DIRECCION TERRITORIAL NARIÑO
A4: CUADRO No 4
A6: RELACION ESTADO DE LA RED CRITERIO TECNICO | S6: 10000 | T6: 989
S7: 20000 | T7: 997
A8: INGENIERO RESIDENTE: | C8: JAIRO ANDRES VILLARREAL PANTOJA | J8: PERIODO EVALUADO: | K8: =+'TORTA EST. VIAS VIS'!B10 -> AGO - SEP/2024 | S8: 30000 | T8: 1006
S9: 40000 | T9: 1016
A10: CODIGO VIA | B10: PR INICIAL | C10: PR FINAL | E10: CARRETERA | G10: Kms. | I10: TIPO DE | K10: ESTADO | S10: 50000 | T10: 982
I11: SUPERFICIE | S11: 60000 | T11: 983
A12: 1001 | B12: 0 | C12: 70000 | E12: Tumaco - Junín | G12: 6.942 | I12: P | K12: M | P12: 01 | Q12: =B12 -> 0 | R12: =C12 -> 70000 | S12: 70000 | T12: 937 | W12: Malo | X12: =IF(W12="Malo","M",IF(W12="Bueno","B",IF(W12="Regular","R",IF(W12="Muy Bueno","MB","Muy Malo")))) -> M
A13: 1001 | B13: 70000 | C13: 80000 | E13: Tumaco - Junín | G13: 0.91048 | I13: P | K13: B | P13: 02 | Q13: =B13 -> 70000 | R13: =C13 -> 80000 | S13: 80000 | T13: 919 | W13: Muy Bueno | X13: =IF(W13="Malo","M",IF(W13="Bueno","B",IF(W13="Regular","R",IF(W13="Muy Bueno","MB","Muy Malo")))) -> MB
A14: 1001 | B14: =+C13 -> 80000 | C14: 130000 | E14: Tumaco - Junín | G14: 5.02071 | I14: P | K14: R | P14: 03 | Q14: =B14 -> 80000 | R14: =C14 -> 130000 | S14: 90000 | T14: 1034 | W14: Bueno | X14: =IF(W14="Malo","M",IF(W14="Bueno","B",IF(W14="Regular","R",IF(W14="Muy Bueno","MB","Muy Malo")))) -> B
A15: 1001 | B15: =+C14 -> 130000 | C15: 170000 | E15: Tumaco - Junín | G15: 4.02985 | I15: P | K15: M | P15: 03 | Q15: =B15 -> 130000 | R15: =C15 -> 170000 | S15: 90000 | T15: 1034 | W15: Bueno | X15: =IF(W15="Malo","M",IF(W15="Bueno","B",IF(W15="Regular","R",IF(W15="Muy Bueno","MB","Muy Malo")))) -> B
A16: 1001 | B16: =+C15 -> 170000 | C16: 180000 | E16: Tumaco - Junín | G16: 0.98731 | I16: P | K16: R | P16: 03 | Q16: =B16 -> 170000 | R16: =C16 -> 180000 | S16: 90000 | T16: 1034 | W16: Bueno | X16: =IF(W16="Malo","M",IF(W16="Bueno","B",IF(W16="Regular","R",IF(W16="Muy Bueno","MB","Muy Malo")))) -> B
A17: 1001 | B17: =+C16 -> 180000 | C17: 190000 | E17: Tumaco - Junín | G17: 1.0045 | I17: P | K17: B | P17: 03 | Q17: =B17 -> 180000 | R17: =C17 -> 190000 | S17: 90000 | T17: 1034 | W17: Bueno | X17: =IF(W17="Malo","M",IF(W17="Bueno","B",IF(W17="Regular","R",IF(W17="Muy Bueno","MB","Muy Malo")))) -> B
A18: 1001 | B18: =+C17 -> 190000 | C18: 270000 | E18: Tumaco - Junín | G18: 8.00723 | I18: P | K18: MB | P18: 03 | Q18: =B18 -> 190000 | R18: =C18 -> 270000 | S18: 90000 | T18: 1034 | W18: Bueno | X18: =IF(W18="Malo","M",IF(W18="Bueno","B",IF(W18="Regular","R",IF(W18="Muy Bueno","MB","Muy Malo")))) -> B
A19: 1001 | B19: =+C18 -> 270000 | C19: 280000 | E19: Tumaco - Junín | G19: 0.99453 | I19: P | K19: R | P19: 03 | Q19: =B19 -> 270000 | R19: =C19 -> 280000 | S19: 90000 | T19: 1034 | W19: Bueno | X19: =IF(W19="Malo","M",IF(W19="Bueno","B",IF(W19="Regular","R",IF(W19="Muy Bueno","MB","Muy Malo")))) -> B
A20: 1001 | B20: =+C19 -> 280000 | C20: 300000 | E20: Tumaco - Junín | G20: 1.99596 | I20: P | K20: MB | P20: 03 | Q20: =B20 -> 280000 | R20: =C20 -> 300000 | S20: 90000 | T20: 1034 | W20: Bueno | X20: =IF(W20="Malo","M",IF(W20="Bueno","B",IF(W20="Regular","R",IF(W20="Muy Bueno","MB","Muy Malo")))) -> B
A21: 1001 | B21: =+C20 -> 300000 | C21: 330000 | E21: Tumaco - Junín | G21: 2.99254 | I21: P | K21: B | P21: 03 | Q21: =B21 -> 300000 | R21: =C21 -> 330000 | S21: 90000 | T21: 1034 | W21: Bueno | X21: =IF(W21="Malo","M",IF(W21="Bueno","B",IF(W21="Regular","R",IF(W21="Muy Bueno","MB","Muy Malo")))) -> B
A22: 1001 | B22: =+C21 -> 330000 | C22: 340000 | E22: Tumaco - Junín | G22: 0.98751 | I22: P | K22: MB | P22: 03 | Q22: =B22 -> 330000 | R22: =C22 -> 340000 | S22: 90000 | T22: 1034 | W22: Bueno | X22: =IF(W22="Malo","M",IF(W22="Bueno","B",IF(W22="Regular","R",IF(W22="Muy Bueno","MB","Muy Malo")))) -> B
A23: 1001 | B23: =+C22 -> 340000 | C23: 350000 | E23: Tumaco - Junín | G23: 1.03477 | I23: P | K23: B | P23: 03 | Q23: =B23 -> 340000 | R23: =C23 -> 350000 | S23: 90000 | T23: 1034 | W23: Bueno | X23: =IF(W23="Malo","M",IF(W23="Bueno","B",IF(W23="Regular","R",IF(W23="Muy Bueno","MB","Muy Malo")))) -> B
A24: 1001 | B24: =+C23 -> 350000 | C24: 420000 | E24: Tumaco - Junín | G24: 7.01884 | I24: P | K24: MB | P24: 03 | Q24: =B24 -> 350000 | R24: =C24 -> 420000 | S24: 90000 | T24: 1034 | W24: Bueno | X24: =IF(W24="Malo","M",IF(W24="Bueno","B",IF(W24="Regular","R",IF(W24="Muy Bueno","MB","Muy Malo")))) -> B
A25: 1001 | B25: =+C24 -> 420000 | C25: 430000 | E25: Tumaco - Junín | G25: 0.99898 | I25: P | K25: B | P25: 04 | Q25: =B25 -> 420000 | R25: =C25 -> 430000 | S25: 100000 | T25: 980 | W25: Regular | X25: =IF(W25="Malo","M",IF(W25="Bueno","B",IF(W25="Regular","R",IF(W25="Muy Bueno","MB","Muy Malo")))) -> R
... A27: 1001 | B27: =+C26 -> 660000 | C27: 670000 | E27: Tumaco - Junín | G27: 0.99016 | I27: P | K27: B | P27: 04 | Q27: =B27 -> 660000 | R27: =C27 -> 670000 | S27: 100000 | T27: 980 | W27: Regular | X27: =IF(W27="Malo","M",IF(W27="Bueno","B",IF(W27="Regular","R",IF(W27="Muy Bueno","MB","Muy Malo")))) -> R
A28: 1001 | B28: =+C27 -> 670000 | C28: 91+0000 | E28: Tumaco - Junín | G28: 24.11677 | I28: P | K28: MB | P28: 04 | Q28: =B28 -> 670000 | R28: =C28 -> 91+0000 | S28: 100000 | T28: 980 | W28: Regular | X28: =IF(W28="Malo","M",IF(W28="Bueno","B",IF(W28="Regular","R",IF(W28="Muy Bueno","MB","Muy Malo")))) -> R
A29: 1001 | B29: =+C28 -> 91+0000 | C29: 92+0000 | E29: Tumaco - Junín | G29: 0.99007 | I29: P | K29: B
A30: 1001 | B30: =+C29 -> 92+0000 | C30: 106+0000 | E30: Tumaco - Junín | G30: 14.08265 | I30: P | K30: MB | P30: 04 | Q30: =B30 -> 92+0000 | R30: =C30 -> 106+0000 | S30: 100000 | T30: 980 | W30: Regular | X30: =IF(W30="Malo","M",IF(W30="Bueno","B",IF(W30="Regular","R",IF(W30="Muy Bueno","MB","Muy Malo")))) -> R
A31: 1001 | B31: =+C30 -> 106+0000 | C31: 107+0000 | E31: Tumaco - Junín | G31: 0.98882 | I31: P | K31: B
A32: 1001 | B32: =+C31 -> 107+0000 | C32: 1090000 | E32: Tumaco - Junín | G32: 2.38178 | I32: P | K32: R | P32: 04 | Q32: =B32 -> 107+0000 | R32: =C32 -> 1090000 | S32: 100000 | T32: 980 | W32: Regular | X32: =IF(W32="Malo","M",IF(W32="Bueno","B",IF(W32="Regular","R",IF(W32="Muy Bueno","MB","Muy Malo")))) -> R
A33: 1001 | B33: =+C32 -> 1090000 | C33: 1100000 | E33: Tumaco - Junín | G33: 1.00945 | I33: P | K33: B | P33: 04 | Q33: =B33 -> 1090000 | R33: =C33 -> 1100000 | S33: 100000 | T33: 980 | W33: Regular | X33: =IF(W33="Malo","M",IF(W33="Bueno","B",IF(W33="Regular","R",IF(W33="Muy Bueno","MB","Muy Malo")))) -> R
A34: 1001 | B34: =+C33 -> 1100000 | C34: 1181006 | E34: Tumaco - Junín | G34: 9.01986 | I34: P | K34: R | P34: 04 | Q34: =B34 -> 1100000 | R34: =C34 -> 1181006 | S34: 100000 | T34: 980 | W34: Regular | X34: =IF(W34="Malo","M",IF(W34="Bueno","B",IF(W34="Regular","R",IF(W34="Muy Bueno","MB","Muy Malo")))) -> R
G36: =SUM(G12:H34) -> 119.66836 | P36: 01 | Q36: =B36 -> 0 | R36: =C36 -> 0 | S36: 110000 | T36: 986
A37: 0501 | B37: 0 | C37: 50065 | E37: Espriella - Rio Mataje | G37: 5.065 | I37: P | K37: MB | P37: 01 | Q37: =B37 -> 0 | R37: =C37 -> 50065 | S37: 110000 | T37: 986
A38: 0501 | B38: =+C37 -> 50065 | C38: 50751 | E38: Espriella - Rio Mataje | G38: 0.686 | I38: P | K38: MB | P38: 02 | Q38: =B38 -> 50065 | R38: =C38 -> 50751 | S38: 120000 | T38: 997
A39: 0501 | B39: =+C38 -> 50751 | C39: 100400 | E39: Espriella - Rio Mataje | G39: =2.999+1.65 -> 4.649 | I39: P | K39: MB | P39: 02 | Q39: =B39 -> 50751 | R39: =C39 -> 100400 | S39: 120000 | T39: 997
G40: =SUM(G37:H39) -> 10.4
A42: NOTA: Entre el PR 5+0065 hasta el PR 5+0455 se construyó el puente sobre el Rio Mira y desde el PR 005+0455 hasta el PR 005+0751 se construyó el viaducto de acceso al puente. Para la fecha aún no está en servicio oficial
A44: Nota: La información contenida es un ejemplo sobre la forma de diligenciar este cuadro.Debe presentarse a color SIN CAMBIAR ESTOS TIPOS DE COLORES.
A45: Esta informacion se deberá presentar cada seis meses en un informe especifico en CD e incorporarlo en el trimestral que le corresponda.
G47: CONVENCIONES | K47: NO CAMBIAR ESTOS TIPOS DE COLORES | S47: 140000 | T47: 885
G48: MB | I48: MUY BUENO | S48: 150000 | T48: 998
G49: B | I49: BUENO | S49: 160000 | T49: 989
G50: R | I50: REGULAR | S50: 170000 | T50: 1008
G51: M | I51: MALO | S51: 180000 | T51: 973
G52: MM | I52: MUY MALO | S52: 190000 | T52: 1000
S53: 200000 | T53: 1004
A54: Vía 1001, Tumaco - Junin | D54: =SUM(G12:H35) -> 119.66836 | S54: 210000 | T54: 985
S55: 220000 | T55: 1000
A56: RESUMEN | B56: LONGITUD km | C56: MUY BUENO | E56: BUENO | G56: REGULAR | I56: MALO | K56: MUY MALO | S56: 230000 | T56: 991
C57: Long. | D57: % | E57: Long. | F57: % | G57: Long. | H57: % | I57: Long. | J57: % | K57: Long. | L57: % | S57: 240000 | T57: 999
S58: 250000 | T58: 1001
A59: Pavimentado | B59: =C59+E59+G59+I59+K59 -> 119.66836 | C59: =SUMIF($K$12:$L$34,"MB",$G$12:$H$34) -> 79.37255 | D59: =+C59*100/$B$59 -> 66.327098 | E59: =SUMIF($K$12:$L$35,"B",$G$12:$H$35) -> 10.91977 | F59: =+E59*100/$B$59 -> 9.1250269 | G59: =SUMIF($K$12:$L$35,"R",$G$12:$H$35) -> 18.40419 | H59: =+G59*100/$B$59 -> 15.379328 | I59: =SUMIF($K$12:$L$34,"M",$G$12:$H$34) -> 10.97185 | J59: =+I59*100/$B$59 -> 9.1685471 | K59: =SUMIF($K$12:$L$32,"MM",$G$12:$H$32) -> 0 | L59: =+K59*100/$B$59 -> 0 | S59: 260000 | T59: 983
C60: 80.373 | E60: 9.93 | G60: 18.405 | S60: 270000 | T60: 1009
A61: Vía 0501, Espriella - Rio Mataje | D61: =SUM(G37:H39) -> 10.4 | S61: 280000 | T61: 983
S62: 290000 | T62: 998
A63: RESUMEN | B63: LONGITUD km | C63: MUY BUENO | E63: BUENO | G63: REGULAR | I63: MALO | K63: MUY MALO | S63: 300000 | T63: 990
C64: Long. | D64: % | E64: Long. | F64: % | G64: Long. | H64: % | I64: Long. | J64: % | K64: Long. | L64: % | S64: 310000 | T64: 1007
S65: 320000 | T65: 985
A66: Pavimentado | B66: =C66+E66+G66+I66+K66 -> 10.4 | C66: =SUMIFS($G$37:$H$40,$I$37:$J$40,"P",K37:L40,"MB") -> 10.4 | D66: =+C66*100/$D$61 -> 100 | E66: =SUMIFS($G$37:$H$40,$I$37:$J$40,"P",K37:L40,"B") -> 0 | F66: =+E66*100/$D$61 -> 0 | G66: =SUMIFS($G$37:$H$40,$I$37:$J$40,"P",K37:L40,"R") -> 0 | H66: =+G66*100/$D$61 -> 0 | I66: =SUMIFS($G$37:$H$40,$I$37:$J$40,"P",K37:L40,"M") -> 0 | J66: =+I66*100/$D$61 -> 0 | K66: =SUMIFS($G$37:$H$40,$I$37:$J$40,"P",K37:L40,"MM") -> 0 | L66: =+K66*100/$D$61 -> 0 | S66: 260000 | T66: 983
A67: No Pavimentado | B67: =C67+E67+G67+I67+K67 -> 0 | C67: =SUMIFS($G$37:$H$40,$I$37:$J$40,"A",K37:L40,"MB") -> 0 | D67: =+C67*100/$D$61 -> 0 | E67: =SUMIFS($G$37:$H$40,$I$37:$J$40,"A",K37:L40,"B") -> 0 | F67: =+E67*100/$D$61 -> 0 | G67: =SUMIFS($G$37:$H$40,$I$37:$J$40,"A",K37:L40,"R") -> 0 | H67: =+G67*100/$D$61 -> 0 | I67: =SUMIFS($G$37:$H$40,$I$37:$J$40,"A",K37:L40,"M") -> 0 | J67: =+I67*100/$D$61 -> 0 | K67: =SUMIFS($G$37:$H$40,$I$37:$J$40,"SIN PUENTE",K37:L40,"MM") -> 0 | L67: =+K67*100/$D$61 -> 0 | S67: 330000 | T67: 993
C68: =SUM(C66:C67) -> 10.4 | D68: =+C68*100/$D$61 -> 100 | E68: =SUM(E66:E67) -> 0 | F68: =+E68*100/$D$61 -> 0 | G68: =SUM(G66:G67) -> 0 | H68: =+G68*100/$D$61 -> 0 | I68: =SUM(I66:I67) -> 0 | K68: =SUM(K66:K67) -> 0 | S68: 340000 | T68: 956
H69: VOLVER A TABLA DE CONTENIDO | S69: 350000 | T69: 1033
S70: 360000 | T70: 997
S71: 370000 | T71: 995
S72: 400000 | T72: 996
S73: 410000 | T73: 992
S74: 420000 | T74: 1009
S75: 430000 | T75: 1024
S76: 440000 | T76: 996
S77: 450000 | T77: 1010
S78: 460000 | T78: 990
S79: 470000 | T79: 1000
S80: 480000 | T80: 1018
S81: 490000 | T81: 940
... S151: 1181006 | T151: 1006

Sheet SEMAFORO TEC 1001
A1: INSTITUTO NACIONAL DE VIAS
A2: DIRECCION TERRITORIAL NARIÑO
A3: GRAFICO No. 3
A4: ESTADO DE LA RED CRITERIO TECNICO
A6: NOMBRE DE LA VIA: | B6: TUMACO - JUNIN | DU6: Codigo de la vía: | DV6: 1001
A8: SECTOR | B8: 1 | G8: TUMACO - JUNIN | DS8: PR0+0000 A PR118+1006
B9: 02 | I9: =+'ESTADO RED TEC'!B13 -> 70000 | AF9: A | AL9: =+'ESTADO RED TEC'!C13 -> 80000
B10: 03 | I10: =+'ESTADO RED TEC'!B14 -> 80000 | AF10: A | AL10: =+'ESTADO RED TEC'!C14 -> 130000
B11: 04 | I11: =+'ESTADO RED TEC'!B15 -> 130000 | AF11: A | AL11: =+'ESTADO RED TEC'!C15 -> 170000
B12: 05 | I12: =+'ESTADO RED TEC'!B16 -> 170000 | AF12: A | AL12: =+'ESTADO RED TEC'!C16 -> 180000
B13: 06 | I13: =+'ESTADO RED TEC'!B17 -> 180000 | AF13: A | AL13: =+'ESTADO RED TEC'!C17 -> 190000
B14: 07 | I14: =+'ESTADO RED TEC'!B18 -> 190000 | AF14: A | AL14: =+'ESTADO RED TEC'!C18 -> 270000
B15: 08 | I15: =+'ESTADO RED TEC'!B19 -> 270000 | AF15: A | AL15: =+'ESTADO RED TEC'!C19 -> 280000
B16: 09 | I16: =+'ESTADO RED TEC'!B20 -> 280000 | AF16: A | AL16: =+'ESTADO RED TEC'!C20 -> 300000
B17: 10 | I17: =+'ESTADO RED TEC'!B21 -> 300000 | AF17: A | AL17: =+'ESTADO RED TEC'!C21 -> 330000
B18: 11 | I18: =+'ESTADO RED TEC'!B22 -> 330000 | AF18: A | AL18: =+'ESTADO RED TEC'!C22 -> 340000
B19: 12 | I19: =+'ESTADO RED TEC'!B23 -> 340000 | AF19: A | AL19: =+'ESTADO RED TEC'!C23 -> 350000
B20: 13 | I20: =+'ESTADO RED TEC'!B24 -> 350000 | AF20: A | AL20: =+'ESTADO RED TEC'!C24 -> 420000
... B30: 23 | I30: =+'ESTADO RED TEC'!B34 -> 1100000 | AF30: A | AL30: =+'ESTADO RED TEC'!C34 -> 1181006
A33: INGENIERO RESIDENTE: | J33: JAIRO ANDRES VILLARREAL PANTOJA | DW33: PERIODO EVALUADO | DX33: =+'ESTADO RED TEC'!K8 -> AGO - SEP/2024
A65: CODIGO | B65: SECTOR | DR65: Longitud y Porcentaje
B66: 1 | I66: 2 | DE66: 3 | DH66: 4 | DR66: sobre el total de la vía
A67: PR | B67: 10 | L67: 20 | V67: 30 | AF67: 40 | AP67: 50 | AZ67: 60 | BJ67: 70 | BT67: 80 | CD67: 90 | CN67: 100 | CX67: 110 | DH67: 118+1006 | DR67: o del item
A68: ITEM | DR68: MB | DT68: B | DV68: R | DX68: M | DZ68: MM
DR69: km | DS69: % | DT69: km | DU69: % | DV69: km | DW69: % | DX69: km | DY69: % | DZ69: km | EA69: %
A70: Pavimento | B70: Malo | C70: Malo | D70: Malo | E70: Malo | F70: Malo | G70: Malo | H70: Malo | I70: Bueno | J70: Regular | K70: Regular | L70: Regular | M70: Regular | N70: Malo | O70: Malo | P70: Malo | Q70: Malo | R70: Malo | S70: Regular | T70: Bueno | U70: Muy Bueno | V70: Muy Bueno | W70: Muy Bueno | X70: Muy Bueno | Y70: Muy Bueno | Z70: Muy Bueno | AA70: Muy Bueno | AB70: Muy Bueno | AC70: Regular | AD70: Muy Bueno | AE70: Muy Bueno | AF70: Bueno | AG70: Bueno | AH70: Bueno | AI70: Muy Bueno | AJ70: Bueno | AK70: Muy Bueno | AL70: Muy Bueno | AM70: Muy Bueno | AN70: Muy Bueno | AO70: Muy Bueno | AP70: Muy Bueno | AQ70: Muy Bueno | AR70: Bueno | AS70: Muy Bueno | AT70: Muy Bueno | AU70: Muy Bueno | AV70: Muy Bueno | AW70: Muy Bueno | AX70: Muy Bueno | AY70: Muy Bueno | AZ70: Muy Bueno | BA70: Muy Bueno | BB70: Muy Bueno | BC70: Muy Bueno | BD70: Muy Bueno | BE70: Muy Bueno | BF70: Muy Bueno | BG70: Muy Bueno | BH70: Muy Bueno | BI70: Muy Bueno | BJ70: Muy Bueno | BK70: Muy Bueno | BL70: Muy Bueno | BM70: Muy Bueno | BN70: Muy Bueno | BO70: Muy Bueno | BP70: Bueno | BQ70: Muy Bueno | BR70: Muy Bueno | BS70: Muy Bueno | BT70: Muy Bueno | BU70: Muy Bueno | BV70: Muy Bueno | BW70: Muy Bueno | BX70: Muy Bueno | BY70: Muy Bueno | BZ70: Muy Bueno | CA70: Muy Bueno | CB70: Muy Bueno | CC70: Muy Bueno | CD70: Muy Bueno | CE70: Muy Bueno | CF70: Muy Bueno | CG70: Muy Bueno | CH70: Muy Bueno | CI70: Muy Bueno | CJ70: Muy Bueno | CK70: Muy Bueno | CL70: Muy Bueno | CM70: Muy Bueno | CN70: Muy Bueno | CO70: Bueno | CP70: Muy Bueno | CQ70: Muy Bueno | CR70: Muy Bueno | CS70: Muy Bueno | CT70: Muy Bueno | CU70: Muy Bueno | CV70: Muy Bueno | CW70: Muy Bueno | CX70: Muy Bueno | CY70: Muy Bueno | CZ70: Muy Bueno | DA70: Muy Bueno | DB70: Muy Bueno | DC70: Muy Bueno | DD70: Bueno | DE70: Regular | DF70: Regular | DG70: Bueno | DH70: Regular | DI70: Regular | DJ70: Regular | DK70: Regular | DL70: Regular | DM70: Regular | DN70: Regular | DO70: Regular | DP70: Regular | DQ70: Regular
DR71: =+'ESTADO RED TEC'!C59 -> 79.37255 | DS71: =DR71/$EC71*100 -> 66.327098 | DT71: =+'ESTADO RED TEC'!E59 -> 10.91977 | DU71: =DT71/$EC71*100 -> 9.1250269 | DV71: =+'ESTADO RED TEC'!G59 -> 18.40419 | DW71: =DV71/$EC71*100 -> 15.379328 | DX71: =+'ESTADO RED TEC'!I59 -> 10.97185 | DY71: =DX71/$EC71*100 -> 9.1685471 | DZ71: =+'ESTADO RED TEC'!K59 -> 0 | EA71: =DZ71/$EC71*100 -> 0 | EC71: =DR71+DT71+DV71+DX71+DZ71 -> 119.66836 | ED71: =DS71+DU71+DW71+DY71+EA71 -> 100 | FP71: =+DR71+DT71+DV71+DX71+DZ71 -> 119.66836
A72: Afirmado | FP72: =+DR72+DT72+DV72+DX72+DZ72 -> 0
EC73: =DR73+DT73+DV73+DX73+DZ73 -> 0 | ED73: =DS73+DU73+DW73+DY73+EA73 -> 0 | FP73: =+DR73+DT73+DV73+DX73+DZ73 -> 0
A74: Puentes ( Son: 7 ) | FP74: =+DR74+DT74+DV74+DX74+DZ74 -> 0
DS75: =DR75/$EC75*100 -> 0 | DU75: =DT75/$EC75*100 -> 0 | DV75: 7 | DW75: =DV75/$EC75*100 -> 100 | DY75: =DX75/$EC75*100 -> 0 | EA75: =DZ75/$EC75*100 -> 0 | EC75: =DR75+DT75+DV75+DX75+DZ75 -> 7 | ED75: =DS75+DU75+DW75+DY75+EA75 -> 100 | FP75: =+DR75+DT75+DV75+DX75+DZ75 -> 7
A76: Cunetas | B76: Malo | C76: Muy Malo | D76: Muy Malo | E76: Muy Malo | F76: Muy Malo | G76: Muy Malo | H76: Muy Malo | I76: Muy Malo | J76: Muy Malo | K76: Muy Malo | L76: Muy Malo | M76: Malo | N76: Malo | O76: Malo | P76: Malo | Q76: Malo | R76: Malo | S76: Malo | T76: Malo | U76: Malo | V76: Malo | W76: Malo | X76: Malo | Y76: Malo | Z76: Malo | AA76: Malo | AB76: Malo | AC76: Malo | AD76: Malo | AE76: Malo | AF76: Malo | AG76: Malo | AH76: Malo | AI76: Malo | AJ76: Malo | AK76: Malo | AL76: Malo | AM76: Malo | AN76: Malo | AO76: Malo | AP76: Malo | AQ76: Malo | AR76: Malo | AS76: Malo | AT76: Malo | AU76: Malo | AV76: Malo | AW76: Malo | AX76: Regular | AY76: Regular | AZ76: Malo | BA76: Malo | BB76: Regular | BC76: Regular | BD76: Malo | BE76: Malo | BF76: Regular | BG76: Bueno | BH76: Bueno | BI76: Bueno | BJ76: Bueno | BK76: Bueno | BL76: Regular | BM76: Muy Malo | BN76: Muy Malo | BO76: Muy Malo | BP76: Bueno | BQ76: Bueno | BR76: Bueno | BS76: Malo | BT76: Bueno | BU76: Bueno | BV76: Muy Malo | BW76: Muy Malo | BX76: Muy Malo | BY76: Muy Malo | BZ76: Muy Malo | CA76: Muy Malo | CB76: Muy Malo | CC76: Muy Malo | CD76: Muy Malo | CE76: Muy Malo | CF76: Muy Malo | CG76: Muy Malo | CH76: Muy Malo | CI76: Muy Malo | CJ76: Muy Malo | CK76: Muy Malo | CL76: Muy Malo | CM76: Muy Malo | CN76: Muy Malo | CO76: Muy Malo | CP76: Muy Malo | CQ76: Muy Malo | CR76: Muy Malo | CS76: Muy Malo | CT76: Muy Malo | CU76: Muy Malo | CV76: Bueno | CW76: Bueno | CX76: Bueno | CY76: Bueno | CZ76: Bueno | DA76: Muy Malo | DB76: Muy Malo | DC76: Muy Malo | DD76: Muy Malo | DE76: Regular | DF76: Regular | DG76: Regular | DH76: Bueno | DI76: Regular | DJ76: Regular | DK76: Regular | DL76: Regular | DM76: Regular | DN76: Regular | DO76: Regular | DP76: Regular | DQ76: Regular
DR77: 0 | DS77: =DR77/$EC77*100 -> 0 | DT77: =0.99+5.919+0.903+0.532 -> 8.344 | DU77: =DT77/$EC77*100 -> 6.965523 | DV77: =21.299-0.397 -> 20.902 | DW77: =DV77/$EC77*100 -> 17.448869 | DX77: =43.896-0.424 -> 43.472 | DY77: =DX77/$EC77*100 -> 36.290174 | DZ77: =52.2-0.03-5.098 -> 47.072 | EA77: =DZ77/$EC77*100 -> 39.295434 | EC77: =DR77+DT77+DV77+DX77+DZ77 -> 119.79 | ED77: =DS77+DU77+DW77+DY77+EA77 -> 100 | FP77: =+DR77+DT77+DV77+DX77+DZ77 -> 119.79
A78: Señalización Vertical | B78: Regular | C78: Regular | D78: Regular | E78: Regular | F78: Regular | G78: Regular | H78: Regular | I78: Bueno | J78: Bueno | K78: Bueno | L78: Bueno | M78: Bueno | N78: Bueno | O78: Bueno | P78: Bueno | Q78: Bueno | R78: Bueno | S78: Muy Bueno | T78: Muy Bueno | U78: Muy Bueno | V78: Muy Bueno | W78: Muy Bueno | X78: Muy Bueno | Y78: Muy Bueno | Z78: Muy Bueno | AA78: Muy Bueno | AB78: Muy Bueno | AC78: Muy Bueno | AD78: Muy Bueno | AE78: Muy Bueno | AF78: Muy Bueno | AG78: Bueno | AH78: Muy Bueno | AI78: Muy Bueno | AJ78: Bueno | AK78: Muy Bueno | AL78: Muy Bueno | AM78: Bueno | AN78: Muy Bueno | AO78: Bueno | AP78: Muy Bueno | AQ78: Muy Bueno | AR78: Bueno | AS78: Muy Bueno | AT78: Bueno | AU78: Bueno | AV78: Muy Bueno | AW78: Bueno | AX78: Bueno | AY78: Muy Bueno | AZ78: Bueno | BA78: Muy Bueno | BB78: Bueno | BC78: Bueno | BD78: Muy Bueno | BE78: Muy Bueno | BF78: Bueno | BG78: Muy Bueno | BH78: Bueno | BI78: Muy Bueno | BJ78: Bueno | BK78: Muy Bueno | BL78: Bueno | BM78: Muy Bueno | BN78: Bueno | BO78: Bueno | BP78: Muy Bueno | BQ78: Bueno | BR78: Bueno | BS78: Bueno | BT78: Muy Bueno | BU78: Bueno | BV78: Bueno | BW78: Muy Bueno | BX78: Bueno | BY78: Bueno | BZ78: Muy Bueno | CA78: Bueno | CB78: Muy Bueno | CC78: Muy Bueno | CD78: Bueno | CE78: Muy Bueno | CF78: Bueno | CG78: Muy Bueno | CH78: Muy Bueno | CI78: Bueno | CJ78: Muy Bueno | CK78: Muy Bueno | CL78: Bueno | CM78: Bueno | CN78: Muy Bueno | CO78: Bueno | CP78: Muy Bueno | CQ78: Bueno | CR78: Muy Bueno | CS78: Muy Bueno | CT78: Bueno | CU78: Bueno | CV78: Bueno | CW78: Muy Bueno | CX78: Bueno | CY78: Muy Bueno | CZ78: Bueno | DA78: Bueno | DB78: Muy Bueno | DC78: Bueno | DD78: Bueno | DE78: Regular | DF78: Regular | DG78: Regular | DH78: Regular | DI78: Regular | DJ78: Bueno | DK78: Regular | DL78: Regular | DM78: Malo | DN78: Malo | DO78: Regular | DP78: Regular | DQ78: Regular
DR79: 48.333 | DS79: =DR79/$EC79*100 -> 40.348109 | DT79: =51.4-0.02+0.532 -> 51.912 | DU79: =DT79/$EC79*100 -> 43.335838 | DV79: 16.145 | DW79: =DV79/$EC79*100 -> 13.477753 | DX79: =1.97+1.43 -> 3.4 | DY79: =DX79/$EC79*100 -> 2.8383004 | EA79: =DZ79/$EC79*100 -> 0 | EC79: =DR79+DT79+DV79+DX79+DZ79 -> 119.79 | ED79: =DS79+DU79+DW79+DY79+EA79 -> 100 | FP79: =+DR79+DT79+DV79+DX79+DZ79 -> 119.79
A80: Señalización horizontal | I80: Regular | J80: Regular | K80: Regular | L80: Regular | M80: Regular | N80: Regular | O80: Regular | P80: Regular | Q80: Regular | R80: Regular | S80: Regular | T80: Regular | U80: Regular | V80: Regular | W80: Regular | X80: Regular | Y80: Regular | Z80: Regular | AA80: Regular | AB80: Regular | AC80: Regular | AD80: Regular | AE80: Regular | AF80: Regular | AG80: Regular | AH80: Regular | AI80: Regular | AJ80: Regular | AK80: Regular | AL80: Regular | AM80: Regular | AN80: Regular | AO80: Regular | AP80: Regular | AQ80: Regular | AR80: Regular | AS80: Regular | AT80: Regular | AU80: Regular | AV80: Regular | AW80: Regular | AX80: Regular | AY80: Regular | AZ80: Regular | BA80: Regular | BB80: Regular | BC80: Regular | BD80: Regular | BE80: Regular | BF80: Regular | BG80: Regular | BH80: Regular | BI80: Regular | BJ80: Regular | BK80: Regular | BL80: Regular | BM80: Regular | BN80: Regular | BO80: Regular | BP80: Regular | BQ80: Regular | BR80: Regular | BS80: Regular | BT80: Regular | BU80: Regular | BV80: Regular | BW80: Regular | BX80: Regular | BY80: Regular | BZ80: Regular | CA80: Regular | CB80: Regular | CC80: Regular | CD80: Regular | CE80: Regular | CF80: Regular | CG80: Regular | CH80: Regular | CI80: Regular | CJ80: Regular | CK80: Regular | CL80: Regular | CM80: Regular | CN80: Regular | CO80: Regular | CP80: Regular | DI80: Bueno | DJ80: Bueno | DK80: Bueno | DL80: Bueno | DM80: Bueno | DN80: Bueno | DO80: Bueno | DP80: Bueno | DQ80: Regular
DS81: =DR81/$EC81*100 -> 0 | DT81: =14.11+0.532 -> 14.642 | DU81: =DT81/$EC81*100 -> 12.223057 | DV81: =102.613-4.21 -> 98.403 | DW81: =DV81/$EC81*100 -> 82.146256 | DY81: =DX81/$EC81*100 -> 0 | DZ81: 6.745 | EA81: =DZ81/$EC81*100 -> 5.630687 | EC81: =DR81+DT81+DV81+DX81+DZ81 -> 119.79 | ED81: =DS81+DU81+DW81+DY81+EA81 -> 100 | FP81: =+DR81+DT81+DV81+DX81+DZ81 -> 119.79
A82: Rocería | EG82: CONVENCIONES | EI82: NO CAMBIAR ESTOS TIPOS DE COLORES | FP82: =+DR82+DT82+DV82+DX82+DZ82 -> 0
DS83: =DR83/$EC$81*100 -> 0 | DT83: 0 | DU83: =DT83/$EC$81*100 -> 0 | DV83: =119.258+0.532 -> 119.79 | DW83: =DV83/$EC$81*100 -> 100 | DY83: =DX83/$EC$81*100 -> 0 | EA83: =DZ83/$EC$81*100 -> 0 | EC83: =DR83+DT83+DV83+DX83+DZ83 -> 119.79 | ED83: =DS83+DU83+DW83+DY83+EA83 -> 100 | EG83: MB | EH83: MUY BUENO | FP83: =+DR83+DT83+DV83+DX83+DZ83 -> 119.79
A84: Alcantarillas | B84: Regular | C84: Muy Malo | D84: Muy Malo | E84: Muy Malo | F84: Muy Malo | G84: Muy Malo | H84: Muy Malo | I84: Muy Malo | J84: Muy Malo | K84: Muy Malo | L84: Regular | M84: Muy Malo | N84: Muy Malo | O84: Regular | P84: Muy Malo | Q84: Regular | R84: Muy Malo | S84: Muy Malo | T84: Regular | U84: Regular | V84: Bueno | W84: Bueno | X84: Regular | Y84: Regular | Z84: Regular | AA84: Regular | AB84: Bueno | AC84: Bueno | AD84: Bueno | AE84: Bueno | AF84: Bueno | AG84: Regular | AH84: Regular | AI84: Regular | AJ84: Regular | AK84: Regular | AL84: Regular | AM84: Regular | AN84: Regular | AO84: Regular | AP84: Regular | AQ84: Muy Malo | AR84: Regular | AS84: Bueno | AT84: Regular | AU84: Regular | AV84: Regular | AW84: Regular | AX84: Regular | AY84: Regular | AZ84: Regular | BA84: Bueno | BB84: Regular | BC84: Bueno | BD84: Bueno | BE84: Bueno | BF84: Bueno | BG84: Bueno | BH84: Regular | BI84: Bueno | BJ84: Bueno | BK84: Regular | BL84: Bueno | BM84: Regular | BN84: Regular | BO84: Regular | BP84: Muy Malo | BQ84: Muy Malo | BR84: Regular | BS84: Regular | BT84: Regular | BU84: Regular | BV84: Regular | BW84: Regular | BX84: Regular | BY84: Regular | BZ84: Regular | CA84: Regular | CB84: Regular | CC84: Bueno | CD84: Regular | CE84: Bueno | CF84: Regular | CG84: Bueno | CH84: Bueno | CI84: Regular | CJ84: Regular | CK84: Regular | CL84: Regular | CM84: Bueno | CN84: Regular | CO84: Bueno | CP84: Bueno | CQ84: Bueno | CR84: Bueno | CS84: Bueno | CT84: Regular | CU84: Bueno | CV84: Regular | CW84: Regular | CX84: Bueno | CY84: Regular | CZ84: Bueno | DA84: Bueno | DB84: Bueno | DC84: Bueno | DD84: Bueno | DE84: Regular | DF84: Regular | DG84: Bueno | DH84: Bueno | DI84: Bueno | DJ84: Bueno | DK84: Bueno | DL84: Bueno | DM84: Bueno | DN84: Bueno | DO84: Bueno | DP84: Bueno | DQ84: Regular | EG84: B | EH84: BUENO
DR85: 0 | DS85: =DR85/$EC85*100 -> 0 | DT85: =43.377+0.532 -> 43.909 | DU85: =DT85/$EC85*100 -> 36.65498 | DV85: =59.454-0.85+1.43 -> 60.034 | DW85: =DV85/$EC85*100 -> 50.116036 | DX85: 0 | DY85: =DX85/$EC85*100 -> 0 | DZ85: 15.847 | EA85: =DZ85/$EC85*100 -> 13.228984 | EC85: =DR85+DT85+DV85+DX85+DZ85 -> 119.79 | ED85: =DS85+DU85+DW85+DY85+EA85 -> 100 | EG85: R | EH85: REGULAR | FP85: =+DR85+DT85+DV85+DX85+DZ85 -> 119.79
A86: Limpiezas de bermas | EG86: M | EH86: MALO | FP86: =+DR86+DT86+DV86+DX86+DZ86 -> 0
DS87: =DR87/$EC87*100 -> 0 | DT87: 0 | DU87: =DT87/$EC87*100 -> 0 | DV87: 100 | DW87: =DV87/$EC87*100 -> 100 | DY87: =DX87/$EC87*100 -> 0 | EA87: =DZ87/$EC87*100 -> 0 | EC87: =DR87+DT87+DV87+DX87+DZ87 -> 100 | ED87: =DS87+DU87+DW87+DY87+EA87 -> 100 | EG87: MM | EH87: MUY MALO
A89: NOTA: Indicar en el mapa los PRs de cada uno de los sitios importantes
A90: Hacer montaje del mapa de la red vial sobre cartografía o mapas aerofotogramétricos
DS95: VOLVER A TABLA DE CONTENIDO

Sheet SEMAFORO TEC 0501
A1: INSTITUTO NACIONAL DE VIAS
A2: DIRECCION TERRITORIAL NARIÑO
A3: GRAFICO No. 3
A4: ESTADO DE LA RED CRITERIO TECNICO
A7: NOMBRE DE LA VIA: | B7: ESPRIELLA - RIO MATAJE | DF7: Codigo de la vía: | DG7: 0501
A9: SECTOR | B9: 01 | G9: ESPRIELLA - RIO MATAJE | DC9: PR0+0000 A PR5+0066
B10: 2 | G10: ESPRIELLA - RIO MATAJE | DC10: PR5+0066 A PR5+0751
B11: 3 | G11: ESPRIELLA - RIO MATAJE | DC11: PR5+0751 A PR10+0400
A12: INGENIERO RESIDENTE: | J12: JAIRO ANDRES VILLARREAL PANTOJA | DH12: PERIODO EVALUADO | DI12: =+'SEMAFORO TEC 1001'!DX33 -> AGO - SEP/2024
A46: CODIGO | B46: SECTOR | DC46: Longitud y Porcentaje
B47: 1 | AD47: 2 | DC47: sobre el total de la vía
A48: PR | B48: 1 | L48: 2 | V48: 3 | AB48: 40 | AF48: 4 | AL48: 50 | AP48: 5 | AR48: 60 | AZ48: 6 | BB48: 70 | BJ48: 7 | BL48: 80 | BT48: 8 | BV48: 90 | CB48: 100 | CD48: 9 | CL48: 110 | CN48: 10+0400 | DC48: o del item
A49: ITEM | DC49: MB | DE49: B | DG49: R | DI49: M | DK49: MM
DC50: km | DD50: % | DE50: km | DF50: % | DG50: km | DH50: % | DI50: km | DJ50: % | DK50: km | DL50: %
A51: Pavimento | B51: Muy Bueno | C51: Muy Bueno | D51: Muy Bueno | E51: Muy Bueno | F51: Muy Bueno | G51: Muy Bueno | H51: Muy Bueno | I51: Muy Bueno | J51: Muy Bueno | K51: Muy Bueno | L51: Muy Bueno | M51: Muy Bueno | N51: Muy Bueno | O51: Muy Bueno | P51: Muy Bueno | Q51: Muy Bueno | R51: Muy Bueno | S51: Muy Bueno | T51: Muy Bueno | U51: Muy Bueno | V51: Muy Bueno | W51: Muy Bueno | X51: Muy Bueno | Y51: Muy Bueno | Z51: Muy Bueno | AA51: Muy Bueno | AB51: Muy Bueno | AC51: Muy Bueno | AD51: Muy Bueno | AE51: Muy Bueno | AF51: Muy Bueno | AG51: Muy Bueno | AH51: Muy Bueno | AI51: Muy Bueno | AJ51: Muy Bueno | AK51: Muy Bueno | AL51: Muy Bueno | AM51: Muy Bueno | AN51: Muy Bueno | AO51: Muy Bueno | AP51: Muy Bueno | AQ51: Muy Bueno | AR51: Muy Bueno | AS51: Muy Bueno | AT51: Muy Bueno | AU51: Muy Bueno | AV51: Muy Bueno | AW51: Muy Bueno | AX51: Muy Bueno | AY51: Muy Bueno | AZ51: Muy Bueno | BA51: Muy Bueno | BB51: Muy Bueno | BC51: Muy Bueno | BD51: Muy Bueno | BE51: Muy Bueno | BF51: Muy Bueno | BG51: Muy Bueno | BH51: Muy Bueno | BI51: Muy Bueno | BJ51: Muy Bueno | BK51: Muy Bueno | BL51: Muy Bueno | BM51: Muy Bueno | BN51: Muy Bueno | BO51: Muy Bueno | BP51: Muy Bueno | BQ51: Muy Bueno | BR51: Muy Bueno | BS51: Muy Bueno | BT51: Muy Bueno | BU51: Muy Bueno | BV51: Muy Bueno | BW51: Muy Bueno | BX51: Muy Bueno | BY51: Muy Bueno | BZ51: Muy Bueno | CA51: Muy Bueno | CB51: Muy Bueno | CC51: Muy Bueno | CD51: Muy Bueno | CE51: Muy Bueno | CF51: Muy Bueno | CG51: Muy Bueno | CH51: Muy Bueno | CI51: Muy Bueno | CJ51: Muy Bueno | CK51: Muy Bueno | CL51: Muy Bueno | CM51: Muy Bueno | CN51: Muy Bueno | CO51: Muy Bueno | CP51: Muy Bueno | CQ51: Muy Bueno | CR51: Muy Bueno | CS51: Muy Bueno | CT51: Muy Bueno | CU51: Muy Bueno | CV51: Muy Bueno | CW51: Muy Bueno | CX51: Muy Bueno | CY51: Muy Bueno | CZ51: Muy Bueno | DA51: Muy Bueno
DC52: =+'ESTADO RED TEC'!C66 -> 10.4 | DD52: =DC52/10.4*100 -> 100 | DF52: =DE52/$DN52*100 -> 0 | DG52: ='[2]ESTADO RED TEC'!G52 -> 0 | DH52: =DG52/$DN52*100 -> 0 | DI52: ='[2]ESTADO RED TEC'!I52 -> 0 | DK52: ='[2]ESTADO RED TEC'!K52 -> 0 | DL52: =DK52/$DN52*100 -> 0 | DN52: =DC52+DE52+DG52+DI52+DK52 -> 10.4 | DO52: =DD52+DF52+DH52+DJ52+DL52 -> 100
A53: Afirmado
DC54: =+'ESTADO RED TEC'!C67 -> 0 | DD54: =DC54/10.4*100 -> 0 | DF54: =DE54/10.01*100 -> 0 | DN54: =DC54+DE54+DG54+DI54+DK54 -> 0 | DO54: =DD54+DF54+DH54+DJ54+DL54 -> 0
A55: Puentes (1)
DC56: 1 | DD56: 100 | DN56: =DC56+DE56+DG56+DI56+DK56 -> 1 | DO56: =DD56+DF56+DH56+DJ56+DL56 -> 100
A57: Cunetas | B57: Muy Bueno | C57: Muy Bueno | D57: Muy Bueno | E57: Muy Bueno | F57: Muy Bueno | G57: Muy Bueno | H57: Muy Bueno | I57: Muy Bueno | J57: Muy Bueno | K57: Muy Bueno | L57: Muy Bueno | M57: Muy Bueno | N57: Muy Bueno | O57: Muy Bueno | P57: Muy Bueno | Q57: Muy Bueno | R57: Muy Bueno | S57: Muy Bueno | T57: Muy Bueno | U57: Muy Bueno | V57: Muy Bueno | W57: Muy Bueno | X57: Muy Bueno | Y57: Muy Bueno | Z57: Muy Bueno | AA57: Muy Bueno | AB57: Muy Bueno | AC57: Muy Bueno | AD57: Muy Bueno | AE57: Muy Bueno | AF57: Muy Bueno | AG57: Muy Bueno | AH57: Muy Bueno | AI57: Muy Bueno | AJ57: Muy Bueno | AK57: Muy Bueno | AL57: Muy Bueno | AM57: Muy Bueno | AN57: Muy Bueno | AO57: Muy Bueno | AP57: Muy Bueno | AQ57: Muy Bueno | AR57: Muy Bueno | AS57: Muy Bueno | AT57: Muy Bueno | AU57: Muy Bueno | AV57: Muy Bueno | AW57: Muy Bueno | AX57: Muy Bueno | AY57: Muy Bueno | AZ57: Muy Bueno | BA57: Muy Bueno | BB57: Muy Bueno | BC57: Muy Bueno | BD57: Muy Bueno | BE57: Muy Bueno | BF57: Muy Bueno | BG57: Muy Bueno | BH57: Muy Bueno | BI57: Muy Bueno | BJ57: Muy Bueno | BK57: Muy Bueno | BL57: Muy Bueno | BM57: Muy Bueno | BN57: Muy Bueno | BO57: Muy Bueno | BP57: Muy Bueno | BQ57: Muy Bueno | BR57: Muy Bueno | BS57: Muy Bueno | BT57: Muy Bueno | BU57: Muy Bueno | BV57: Muy Bueno | BW57: Muy Bueno | BX57: Muy Bueno | BY57: Muy Bueno | BZ57: Muy Bueno | CA57: Muy Bueno | CB57: Muy Bueno | CC57: Muy Bueno | CD57: Muy Bueno | CE57: Muy Bueno | CF57: Muy Bueno | CG57: Muy Bueno | CH57: Muy Bueno | CI57: Muy Bueno | CJ57: Muy Bueno | CK57: Muy Bueno | CL57: Muy Bueno | CM57: Muy Bueno | CN57: Muy Bueno | CO57: Muy Bueno | CP57: Muy Bueno | CQ57: Muy Bueno | CR57: Muy Bueno | CS57: Muy Bueno | CT57: Muy Bueno | CU57: Muy Bueno | CV57: Muy Bueno | CW57: Muy Bueno | CX57: Muy Bueno | CY57: Muy Bueno | CZ57: Muy Bueno | DA57: Muy Bueno
DC58: 10.4 | DD58: =DC58/DN58*100 -> 100 | DE58: 0 | DF58: =DE58/$DN58*100 -> 0 | DH58: =DG58/$DN58*100 -> 0 | DJ58: =DI58/$DN58*100 -> 0 | DN58: =DC58+DE58+DG58+DI58+DK58 -> 10.4 | DO58: =DD58+DF58+DH58+DJ58+DL58 -> 100
A59: Señalización Vertical | B59: Muy Bueno | C59: Muy Bueno | D59: Muy Bueno | E59: Muy Bueno | F59: Muy Bueno | G59: Muy Bueno | H59: Muy Bueno | I59: Muy Bueno | J59: Muy Bueno | K59: Muy Bueno | L59: Muy Bueno | M59: Muy Bueno | N59: Muy Bueno | O59: Muy Bueno | P59: Muy Bueno | Q59: Muy Bueno | R59: Muy Bueno | S59: Muy Bueno | T59: Muy Bueno | U59: Muy Bueno | V59: Muy Bueno | W59: Muy Bueno | X59: Muy Bueno | Y59: Muy Bueno | Z59: Muy Bueno | AA59: Muy Bueno | AB59: Muy Bueno | AC59: Muy Bueno | AD59: Muy Bueno | AE59: Muy Bueno | AF59: Muy Bueno | AG59: Muy Bueno | AH59: Muy Bueno | AI59: Muy Bueno | AJ59: Muy Bueno | AK59: Muy Bueno | AL59: Muy Bueno | AM59: Muy Bueno | AN59: Muy Bueno | AO59: Muy Bueno | AP59: Muy Bueno | AQ59: Muy Bueno | AR59: Muy Bueno | AS59: Muy Bueno | AT59: Muy Bueno | AU59: Muy Bueno | AV59: Muy Bueno | AW59: Muy Bueno | AX59: Muy Bueno | AY59: Muy Bueno | AZ59: Muy Bueno | BA59: Muy Bueno | BB59: Muy Bueno | BC59: Muy Bueno | BD59: Muy Bueno | BE59: Muy Bueno | BF59: Muy Bueno | BG59: Muy Bueno | BH59: Muy Bueno | BI59: Muy Bueno | BJ59: Muy Bueno | BK59: Muy Bueno | BL59: Muy Bueno | BM59: Muy Bueno | BN59: Muy Bueno | BO59: Muy Bueno | BP59: Muy Bueno | BQ59: Muy Bueno | BR59: Muy Bueno | BS59: Muy Bueno | BT59: Muy Bueno | BU59: Muy Bueno | BV59: Muy Bueno | BW59: Muy Bueno | BX59: Muy Bueno | BY59: Muy Bueno | BZ59: Muy Bueno | CA59: Muy Bueno | CB59: Muy Bueno | CC59: Muy Bueno | CD59: Muy Bueno | CE59: Muy Bueno | CF59: Muy Bueno | CG59: Muy Bueno | CH59: Muy Bueno | CI59: Muy Bueno | CJ59: Muy Bueno | CK59: Muy Bueno | CL59: Muy Bueno | CM59: Muy Bueno | CN59: Muy Bueno | CO59: Muy Bueno | CP59: Muy Bueno | CQ59: Muy Bueno | CR59: Muy Bueno | CS59: Muy Bueno | CT59: Muy Bueno | CU59: Muy Bueno | CV59: Muy Bueno | CW59: Muy Bueno | CX59: Muy Bueno | CY59: Muy Bueno | CZ59: Muy Bueno | DA59: Muy Bueno
DC60: 10.4 | DD60: =DC60/DN60*100 -> 100 | DF60: =DE60/$DN60*100 -> 0 | DG60: 0 | DH60: =DG60/$DN60*100 -> 0 | DI60: 0 | DJ60: =DI60/$DN60*100 -> 0 | DN60: =DC60+DE60+DG60+DI60+DK60 -> 10.4 | DO60: =DD60+DF60+DH60+DJ60+DL60 -> 100
A61: Señalización horizontal (NA) | B61: Muy Bueno | C61: Muy Bueno | D61: Muy Bueno | E61: Muy Bueno | F61: Muy Bueno | G61: Muy Bueno | H61: Muy Bueno | I61: Muy Bueno | J61: Muy Bueno | K61: Muy Bueno | L61: Muy Bueno | M61: Muy Bueno | N61: Muy Bueno | O61: Muy Bueno | P61: Muy Bueno | Q61: Muy Bueno | R61: Muy Bueno | S61: Muy Bueno | T61: Muy Bueno | U61: Muy Bueno | V61: Muy Bueno | W61: Muy Bueno | X61: Muy Bueno | Y61: Muy Bueno | Z61: Muy Bueno | AA61: Muy Bueno | AB61: Muy Bueno | AC61: Muy Bueno | AD61: Muy Bueno | AE61: Muy Bueno | AF61: Muy Bueno | AG61: Muy Bueno | AH61: Muy Bueno | AI61: Muy Bueno | AJ61: Muy Bueno | AK61: Muy Bueno | AL61: Muy Bueno | AM61: Muy Bueno | AN61: Muy Bueno | AO61: Muy Bueno | AP61: Muy Bueno | AQ61: Muy Bueno | AR61: Muy Bueno | AS61: Muy Bueno | AT61: Muy Bueno | AU61: Muy Bueno | AV61: Muy Bueno | AW61: Muy Bueno | AX61: Muy Bueno | AY61: Muy Bueno | AZ61: Muy Bueno | BA61: Muy Bueno | BB61: Muy Bueno | BC61: Muy Bueno | BD61: Muy Bueno | BE61: Muy Bueno | BF61: Muy Bueno | BG61: Muy Bueno | BH61: Muy Bueno | BI61: Muy Bueno | BJ61: Muy Bueno | BK61: Muy Bueno | BL61: Muy Bueno | BM61: Muy Bueno | BN61: Muy Bueno | BO61: Muy Bueno | BP61: Muy Bueno | BQ61: Muy Bueno | BR61: Muy Bueno | BS61: Muy Bueno | BT61: Muy Bueno | BU61: Muy Bueno | BV61: Muy Bueno | BW61: Muy Bueno | BX61: Muy Bueno | BY61: Muy Bueno | BZ61: Muy Bueno | CA61: Muy Bueno | CB61: Muy Bueno | CC61: Muy Bueno | CD61: Muy Bueno | CE61: Muy Bueno | CF61: Muy Bueno | CG61: Muy Bueno | CH61: Muy Bueno | CI61: Muy Bueno | CJ61: Muy Bueno | CK61: Muy Bueno | CL61: Muy Bueno | CM61: Muy Bueno | CN61: Muy Bueno | CO61: Muy Bueno | CP61: Muy Bueno | CQ61: Muy Bueno | CR61: Muy Bueno | CS61: Muy Bueno | CT61: Muy Bueno | CU61: Muy Bueno | CV61: Muy Bueno | CW61: Muy Bueno | CX61: Muy Bueno | CY61: Muy Bueno | CZ61: Muy Bueno | DA61: Muy Bueno
DC62: 10.4 | DD62: =DC62/DN62*100 -> 100 | DN62: =DC62+DE62+DG62+DI62+DK62 -> 10.4 | DO62: =DD62+DF62+DH62+DJ62+DL62 -> 100
A63: Rocería | DR63: CONVENCIONES | DT63: NO CAMBIAR ESTOS TIPOS DE COLORES
DE64: 0 | DF64: =DE64/DN64*100 -> 0 | DG64: 10.4 | DH64: =DG64/DN64*100 -> 100 | DN64: =DC64+DE64+DG64+DI64+DK64 -> 10.4 | DO64: =DD64+DF64+DH64+DJ64+DL64 -> 100 | DR64: MB | DS64: MUY BUENO
A65: Alcantarillas | DR65: B | DS65: BUENO
DE66: 0 | DF66: =DE66/DN66*100 -> 0 | DG66: 10.4 | DH66: =DG66/DN66*100 -> 100 | DN66: =DC66+DE66+DG66+DI66+DK66 -> 10.4 | DO66: =DD66+DF66+DH66+DJ66+DL66 -> 100 | DR66: R | DS66: REGULAR
A67: Limpiezas de bermas | DR67: M | DS67: MALO
DG68: 10.4 | DH68: =DG68/DN68*100 -> 100 | DN68: =DC68+DE68+DG68+DI68+DK68 -> 10.4 | DO68: =DD68+DF68+DH68+DJ68+DL68 -> 100 | DR68: MM | DS68: MUY MALO
A70: NOTA: Indicar en el mapa los PRs y nombres de cada uno de los sitios importantes
A71: Hacer montaje del mapa de la red vial sobre cartografía o mapas aerofotogramétricos
DD76: VOLVER A TABLA DE CONTENIDO

Sheet TORTA EST. VIAS TEC
A1: INSTITUTO NACIONAL DE VIAS
A2: DIRECCION TERRITORIAL NARIÑO
A4: GRAFICO No. 4
A6: ESTADO DE LAS VIAS EN TORTA CRITERIO TECNICO
A8: INGENIERO(S) RESIDENTE(S): | B8: JAIRO ANDRES VILLARREAL PANTOJA
A10: PERIODO EVALUADO: | B10: =+'SEMAFORO TEC 0501'!DI12 -> AGO - SEP/2024
A13: CARRETERA | B13: TRIMESTRE ANTERIOR | C13: TRIMESTRE EVALUADO
A15: RUTA 1001 TUMACO - JUNIN
Q19: TUMACO - JUNIN
R20: MUY BUENO | S20: BUENO | T20: REGULAR | U20: MALO | V20: MUY MALO
Q21: Anterior | R21: 0.66327098 | S21: 0.091250269 | T21: 0.15379328 | U21: 0.091685471 | V21: 0
Q22: Presente | R22: =+'SEMAFORO TEC 1001'!DS71/100 -> 0.66327098 | S22: =+'SEMAFORO TEC 1001'!DU71/100 -> 0.091250269 | T22: =+'SEMAFORO TEC 1001'!DW71/100 -> 0.15379328 | U22: =+'SEMAFORO TEC 1001'!DY71/100 -> 0.091685471 | V22: =+'ESTADO RED TEC'!L59/100 -> 0
A25: RUTA 0501 ESPRIELLA - RIO MATAJE
Q28: ESPRIELLA - RÍO MATAJE
R29: MUY BUENO | S29: BUENO | T29: REGULAR | U29: MALO | V29: MUY MALO
Q30: Anterior | R30: 1 | S30: 0 | T30: 0 | U30: 0 | V30: 0
Q31: Presente | R31: =(+'SEMAFORO TEC 0501'!DD52+'SEMAFORO TEC 0501'!DD54)/100 -> 1 | S31: 0 | T31: 0 | U31: 0 | V31: 0
A36: CONVENCIONES | B36: NO CAMBIAR ESTOS TIPOS DE COLORES
A37: MUY BUENO
A38: BUENO
A39: REGULAR
A40: MALO
A41: MUY MALO
C42: VOLVER A TABLA DE CONTENIDO

Sheet MAPA 1 EST RED
A1: INSTITUTO NACIONAL DE VIAS
A2: DIRECCION TERRITORIAL NARIÑO
A6: MAPA No. 1
A7: ESTADO DE LA RED Y SITIOS CRITICOS DE INESTABILIDAD
G35: CONVENCIONES | I35: NO CAMBIAR ESTOS TIPOS DE COLORES
G36: MB | H36: MUY BUENO
G37: B | H37: BUENO
G38: R | H38: REGULAR
G39: M | H39: MALO
G40: MM | H40: MUY MALO
A41: NOTA: | B41: Ubicar en el mapa municipios, PRs de sitios importantes y lugares donde hay
B42: cambios en el estado de la red y sitios criticos de inestabilidad.
A44: RELACION SITIOS CRITICOS DE INESTABILIDAD
A45: No. | B45: CODIGO VIA | C45: SECTOR | D45: PR | E45: DESCRIPCION DEL PROBLEMA
A46: 1 | B46: 1001 | C46: PUENTE EL MORRO | D46: 3+0237 | E46: DAÑO EN PLACAS, CORROSIÓN EN ENCAMISADOS DE PILOTES, PILOTES ANTIGUOS EN CONCRETO QUE NECESITAN SER CORTADOS PARA EVITAR QUE SIGAN GENERANDO ESFUERZOS ADICIONALES A LA ESTRUCTURA DEL PUENTE. ADEMAS, SE PRESENTAN HUNDIMIENTOS EN LOS ACCESOS
A47: =+A46+1 -> 2 | B47: 1001 | C47: PUENTE EL PINDO | D47: 6+0687 | E47: CONSTRUCCIÓN DE NUEVO PUENTE, DEBIDO A DEFICIENCIAS ESTRUCTURALES Y OPERACIONALES PARA LA EVACUACION DE LA POBLACION DE TUMACO ANTE LA OCURRENCIA DE UN TSUNAMI. CABE ANOTAR QUE DESDE LA CONSTRUCCION DEL PUENTE LA POBLACION DEL CASCO URBANO SE HA INCREMENTADO Y PROPORCIONALMENTE A ESTO SU PARQUE AUTOMOTOR, ADEMAS QUE SE HA EXTENDIDO EL AREA URBANA HACIA LA PARTE CONTINENTAL INCREMENTANDO EN UN MUY ALTO PORCENTAJE EL TPD SOBRE ESTE PUENTE.
A48: =+A47+1 -> 3 | B48: 1001 | C48: PUENTE AGUA CLARA | D48: 17+0248 | E48: PUENTE CON ANCHO DE TABLERO INSUFICIENTE, ESTRECHAMIENTO DEL ANCHO DE BANCA, SE REQUIERE AMPLIACIÓN O CONSTRUCCIÓN DE UN NUEVO PUENTE, (PRESENTA HURTO DE ELEMENTOS DE REFORZAMIENTO DE LAS VIGAS)
A49: =+A48+1 -> 4 | B49: 1001 | C49: AGUA CLARA | D49: 17+0740 | E49: ESTRUCTURAS DE PROTECCION Y CONTENCIÓN EN BOLSACRETOS L= 60m, SOCAVADAS POR EL FLUJO Y CONTRAFLUJO DE LAS MAREAS. ADEMAS, EXISTE UN MURO DE CONTENCION EN CONCRETO CICLOPEO EL CUAL PRESENTA UNA FISURA VERTICAL EN EL CENTRO DEBIDO AL EMPUJE DEL TERRAPLEN, LO CUAL HA GENERADO HUNDIMIENTO EN LA BANCA VISIBLE EN UNA FALLA EN LA CARPETA ASFALTICA EN MEDIA LUNA. EN ESTE SECTOR T POR LA ACCION DE LAS MAREAS ESTA SOCAVANDO EL TERRAPLEN POR DEBAJO DE LA ESTRUCTURA DE PAVIMENTO DE LA VIA.
A50: 5 | B50: =+B49 -> 1001 | C50: EL TIGRE | D50: PR8+0900 - PR18+0100 | E50: DEFORMACIONES O AHUELLAMIENTOS EN PAVIMENTO POR PERDIDA DE CONFINAMIENTO DEL MATERIAL DE TERRAPLÉN SOPORTE DE ESTRUCTURA DE LA VÍA.
F51: VOLVER A LA TABLA DE CONTENIDO

Sheet NECESIDADES PREVENTIVAS VIA
A1: INSTITUTO NACIONAL DE VIAS
A2: DIRECCION TERRITORIAL NARIÑO
A4: CUADRO No. 5
A6: NECESIDADES PREVENTIVAS DE LA VIA
A7: MANTENIMIENTO PERIODICO
A9: INGENIERO(S) RESIDENTE(S): | B9: JAIRO ANDRES VILLARREAL PANTOJA | F9: TRIMESTRE EVALUADO: | G9: =+'TORTA EST. VIAS TEC'!B10 -> AGO - SEP/2024
A11: CARRETERA | B11: CODIGO | C11: PR inicial | D11: PR final | E11: DESCRIPCION DE LA NECESIDAD | F11: COSTO ESTIMADO ($) | G11: OBSERVACIONES
A12: Tumaco - Junin | B12: 1001 | C12: PR 0+0000 | D12: PR 6+0687 | E12: MANTENIMIENTO Y MEJORAMIENTO PASO NACIONAL PR 000+0000 AL PR 006+0687 | F12: =+'CANT OBRA 1001'!H39 -> 1.2225163e+10 | G12: ESTE TRAMO SE ENCUENTRA POR INTERVENIR BAJO EL CONTRATO DE OBRA No. PAF-ANTIVIAS-O-102-2023 “CONTRATAR LOS ESTUDIOS, DISEÑOS, MEJORAMIENTO Y MANTENIMIENTO DEL CORREDOR TUMACO - PEDREGAL, DEPARTAMENTO DE NARIÑO, EN EL MARCO DE LA REACTIVACIÓN ECONÓMICA, MEDIANTE EL PROGRAMA VÍAS PARA LA CONEXIÓN DE TERRITORIOS EL CRECIMIENTO SOSTENIBLE Y LA REACTIVACIÓN 2.0”.
C13: PR 006+0580 | D13: PR 007+0000 | E13: MANTENIMIENTO Y MEJORAMIENTO PASO URBANO DE TUMACO - REPARACION PAVIMENTO ARTICULADO Y PAVIMENTO ASFÁLTICO EN LOS ACCESOS DEL PUENTE DEL PINDO (PR 006+0580 AL PR 007+0000) | F13: =+'CANT OBRA 1001'!H101 -> 1.2050364e+09
C14: PR8+0900 | D14: PR18+0100 | E14: REHABILITACION DE PAVIMENTO ASFALTICO ENTRE PR8+0900 - PR18+0100 | F14: =+'CANT OBRA 1001'!H117 -> 3.0339355e+09
C15: PR 110+0065 | D15: PR 118+1006 | E15: MANTENIMIENTO Y REPARACION CONCRETO RIGIDO PR 110+0065 AL PR 118+1006 | F15: =+'CANT OBRA 1001'!H158 -> 1449416829
C16: PR 000+0000 | D16: PR 118+1006 | E16: SEÑALIZACION Y OBRAS DE SEGURIDAD VIAL ENTRE EL PR 000+0000 Y EL PR118+1006 | F16: =+'CANT OBRA 1001'!H282 -> 3.4744846e+09
C17: PR 001+0500 | D17: PR 068+0500 | E17: PODA DE ARBOLES TIPO 1 Y TIPO 2 PR 001+0500 AL PR 068+0500 | F17: =+'CANT OBRA 1001'!H294 -> 1.0000795e+08
C18: PR 001+0000 | D18: PR 002+0600 | E18: MANTENIMIENTO Y MEJORAMIENTO PASO URBANO DE TUMACO: PR 001+0000 AL PR 002+0600 | F18: =+'CANT OBRA 1001'!H341 -> 2.4012059e+09 | G18: ESTE TRAMO SE ENCUENTRA POR INTERVENIR BAJO EL CONTRATO DE OBRA No. PAF-ANTIVIAS-O-102-2023 “CONTRATAR LOS ESTUDIOS, DISEÑOS, MEJORAMIENTO Y MANTENIMIENTO DEL CORREDOR TUMACO - PEDREGAL, DEPARTAMENTO DE NARIÑO, EN EL MARCO DE LA REACTIVACIÓN ECONÓMICA, MEDIANTE EL PROGRAMA VÍAS PARA LA CONEXIÓN DE TERRITORIOS EL CRECIMIENTO SOSTENIBLE Y LA REACTIVACIÓN 2.0”.
C19: PR 0024+0949 | D19: PR 024+0960 | E19: RESANES Y RECALCES PUENTE CHILVI PR.24+0949 - PR.24+0960. | F19: =+'CANT OBRA 1001'!H356 -> 49234033
C20: PR 037+0824 | D20: PR 037+0835 | E20: CONSTRUCCION DE DISIPADOR L= 15. 0 m EN PUENTE TANGAREAL PR.37+0824 - PR.37+0835 | F20: =+'CANT OBRA 1001'!H368 -> 74179817
C21: PR 046+0670 | D21: PR 046+0681 | E21: RESANES Y RECALCES EN PUENTE ESPRIELLA PR. 46+0670 - PR.46+0681. | F21: =+'CANT OBRA 1001'!H380 -> 42194371
C22: PR 069+0035 | D22: PR 069+0053 | E22: CONSTRUCCIÓN CUNETA EN PR069+0035 - PR069+0053 | F22: =+'CANT OBRA 1001'!H395 -> 4722866
A25: LOS VALORES REGISTRADOS EN LA COLUMNA COSTO ESTIMADO, DEBEN ESTAR ENLAZADOS CON EL HIPERVINCULO DEL CUADRO No. 7 "CALCULO DE CANTIDADES Y COSTOS ESTIMADOS DE NECESIDADES DE LAS VIAS", RESPECTIVO.
A26: NOTA (1): El costo debe incluir AIU e IVA (19% sobre utilidades) | F26: VOLVER A TABLA DE CONTENIDO

Sheet NECESIDADES CRITICAS VIA
A1: INSTITUTO NACIONAL DE VIAS
A2: DIRECCION TERRITORIAL NARIÑO
A4: CUADRO No. 6
A6: NECESIDADES CRITICAS DE LAS VIAS
A7: MANTENIMIENTO PERIODICO
A10: INGENIERO(S) RESIDENTE(S): | C10: JAIRO ANDRES VILLARREAL PANTOJA | F10: TRIMESTRE EVALUADO: | G10: =+'NECESIDADES PREVENTIVAS VIA'!G9 -> AGO - SEP/2024
A12: CARRETERA | B12: CODIGO | C12: PR inicial | D12: PR final | E12: DESCRIPCION DE LA NECESIDAD | F12: COSTO ESTIMADO ($) | G12: OBSERVACIONES
A13: =+'NECESIDADES PREVENTIVAS VIA'!A12 -> Tumaco - Junin | B13: =+'NECESIDADES PREVENTIVAS VIA'!B12 -> 1001 | C13: 17+0635 | D13: 17+0785 | E13: REPARACIÓN ESTRUCTURA DE CONTENCION EN BOLSACRETOS Y MURO DE CONTENCIÓN. SECTOR AGUACLARA, PR017+0635 - PR017+0785. DERECHA | F13: =+'CANT OBRA 1001'!H144 -> 1.7596519e+09 | G13: ES NECESARIO REALIZAR UNA INTERVENCION DE CARÁCTER URGENTE CON EL FIN DE GARANTIZAR LA ESTABILIDAD DEL TERRAPLEN
C14: 8+0900 | D14: 18+0100 | E14: REHABILITACION DE PAVIMENTO ASFALTICO ENTRE PR8+0900 - PR18+0100 | F14: =+'CANT OBRA 1001'!H117 -> 3.0339355e+09 | G14: ES NECESARIO INTERVENIR DE CARÁCTER URGENTE CON EL FIN DE MITIGAR EL RIESGO DE ACCIDENTALIDAD DEBIDO A DEFORMACIONES O AHUELLAMIENTOS EN PAVIMENTO POR PERDIDA DE CONFINAMIENTO DEL MATERIAL DE TERRAPLÉN SOPORTE DE ESTRUCTURA DE LA VÍA.
C15: 3+0085 | D15: 3+0388 | E15: INSPECCION ESTRUCTURAL PUENTE EL MORRO | F15: ='1P'!E40 -> 414667400 | G15: EL PUENTE SE ENCUENTRA INTERVENIDO BAJO LA EJECUCIÓN DE CONTRATO DE OBRA NO. 2907-2023 CUYO OBJETO ES MEJORAMIENTO Y MANTENIMIENTO DE LA VÍA DE ACCESO Y LOS PUENTES EL MORRO, EL PINDO Y AGUACLARA, DEL PUERTO DE TUMACO EN EL DEPARTAMENTO DE NARIÑO
C16: 3+0085 | D16: 3+0392 | E16: OBRAS PARA EL MANTENIMIENTO DEL PUENTE EL MORRO PR 003+0085 AL PR 003+0392 | F16: =+'CANT OBRA 1001'!H67 -> 2.1454145e+09
C17: 60200 | D17: 9+0800 | E17: CONSTRUCCION NUEVO PUENTE EL PINDO Y SUS ACCESOS (PR 006+0200 AL PR 009+0800). | F17: =+'CANT OBRA 1001'!H263 -> 8.1177449e+10 | G17: VALOR TOMADO DE LOS ESTUDIOS EXISTENTES REALIZADOS EN 2008
C18: 60687 | D18: 60713 | E18: RECALCE DE ESTRIBOS DEL PUENTE DEL PINDO Y ACCESOS (PR 006+0687 AL PR 006+0713) | F18: =+'CANT OBRA 1001'!H311 -> 1.4040099e+08 | G18: =+G15 -> EL PUENTE SE ENCUENTRA INTERVENIDO BAJO LA EJECUCIÓN DE CONTRATO DE OBRA NO. 2907-2023 CUYO OBJETO ES MEJORAMIENTO Y MANTENIMIENTO DE LA VÍA DE ACCESO Y LOS PUENTES EL MORRO, EL PINDO Y AGUACLARA, DEL PUERTO DE TUMACO EN EL DEPARTAMENTO DE NARIÑO
C19: 170230 | D19: 170266 | E19: MANTENIMIENTO PREVENTIVO Y CORRECTIVO PUENTE DE AGUACLARA | F19: 4000000 | G19: =+G15 -> EL PUENTE SE ENCUENTRA INTERVENIDO BAJO LA EJECUCIÓN DE CONTRATO DE OBRA NO. 2907-2023 CUYO OBJETO ES MEJORAMIENTO Y MANTENIMIENTO DE LA VÍA DE ACCESO Y LOS PUENTES EL MORRO, EL PINDO Y AGUACLARA, DEL PUERTO DE TUMACO EN EL DEPARTAMENTO DE NARIÑO
A22: LOS VALORES REGISTRADOS EN LA COLUMNA COSTO ESTIMADO, DEBEN ESTAR ENLAZADOS CON EL HIPERVINCULO DEL CUADRO No. 7 "CALCULO DE CANTIDADES Y COSTOS ESTIMADOS DE NECESIDADES DE LAS VIAS", RESPECTIVO.
A23: NOTA (1): El costo debe incluir AIU e IVA (19% sobre utilidades) | F23: VOLVER A TABLA DE CONTENIDO

Sheet CANT OBRA 1001
A1: INSTITUTO NACIONAL DE VIAS
A2: DIRECCION TERRITORIAL NARIÑO
A3: CUADRO No. 7
A5: CALCULO DE CANTIDADES Y COSTOS ESTIMADOS DE NECESIDADES
A6: DE LAS VIAS (PREVENTIVAS Ó CRITICAS Ó PUENTES Ó PONTONES)
A7: INGENIERO RESIDENTE: | D7: JAIRO ANDRES VILLARREAL PANTOJA | G7: TRIMESTRE EVALUADO: | H7: =+'NECESIDADES CRITICAS VIA'!G10 -> AGO - SEP/2024
A8: CARRETERA: | C8: 1001 TUMACO - JUNIN | F8: SECTOR: | G8: TUMACO PR 0+0000 - JUNIN PR 118+1006
A10: MANTENIMIENTO Y MEJORAMIENTO PASO NACIONAL PR 000+0000 AL PR 006+0687
A11: ITEM DE PAGO | B11: Especificaciones | D11: DESCRIPCION | E11: UND. | F11: CANTIDAD | G11: VALOR UNITARIO ($) | H11: VALOR TOTAL ($)
B12: GRAL | C12: PART
H13: =SUM(H14:H15) -> 52127632
A14: 201.7 | C14: =IF(B14="-",A14,"") | D14: DEMOLICIÓN DE ESTRUCTURAS | E14: M3 | F14: 180 | G14: 254473.46 | H14: =ROUND(G14*F14,0) -> 45805223
A15: 210.2.2 | D15: EXCAVACIÓN EN MATERIAL COMÚN DE LA EXPLANACIÓN Y CANALES | E15: M3 | F15: =210+49+17.44 -> 276.44 | G15: 22870.818 | H15: =ROUND(G15*F15,0) -> 6322409
H16: =SUM(H17:H18) -> 5017518212
A17: 320.1 | D17: SUB‐BASE GRANULAR CLASE A | E17: M3 | F17: =6600*8*0.3 -> 15840 | G17: 103643.47 | H17: =ROUND(G17*F17,0) -> 1641712608
A18: 330.1.1 | D18: BASE GRANULAR CLASE A | E18: M3 | F18: =6600*8*0.2 -> 10560 | G18: 319678.56 | H18: =ROUND(G18*F18,0) -> 3375805604
H19: =SUM(H20:H20) -> 6362634693
A20: 510.1 | D20: PAVIMENTO DE ADOQUINES DE CONCRETO | E20: M2 | F20: =6600*8.4 -> 55440 | G20: 114766.14 | H20: =ROUND(G20*F20,0) -> 6362634693
H21: =SUM(H22:H25) -> 234140657
A22: 610.2 | D22: RELLENOS PARA ESTRUCTURAS CON RECEBO | E22: M3 | F22: 51.7 | G22: 80278.743 | H22: =ROUND(G22*F22,0) -> 4150411
A23: 630.1.4.1 | C23: =IF(B23="-",A23,"") | D23: CONCRETO RESISTENCIA 21MPA (CLASE D) | E23: M3 | F23: 130.24 | G23: 1074512.4 | H23: =ROUND(G23*F23,0) -> 139944493
A24: 630.1.6 | D24: CONCRETO RESISTENCIA 14MPA (CLASE F) | E24: M3 | F24: 26.3 | G24: 704698.67 | H24: =ROUND(G24*F24,0) -> 18533575
A25: 640.1 | D25: ACERO DE REFUERZO F´y = 420MPA (Grado 60) | E25: KGR | F25: =5891+3200+404+717 -> 10212 | G25: 7002.7593 | H25: =ROUND(G25*F25,0) -> 71512178
H26: =SUM(H27:H31) -> 425245548
A27: 700.1 | D27: LINEA DE DEMARCACION CON PINTURA EN FRIO | E27: ML | F27: =7000*4 -> 28000 | G27: 3500.7369 | H27: =ROUND(G27*F27,0) -> 98020633
A28: 700.3 | D28: MARCA VIAL CON PINTURA EN FRIO | E28: M2 | F28: 975 | G28: 53068.464 | H28: =ROUND(G28*F28,0) -> 51741753
A29: 701.1.1 | D29: TACHA REFLECTIVA | E29: UND | F29: 8350 | G29: 22830.929 | H29: =ROUND(G29*F29,0) -> 190638258
A30: 710.1.1 | D30: SEÑAL VERTICAL DE TRANSITO TIPO 1 CON LAMINA RETROREFLECTIVA TIPO III (75 x 75 ) cm | E30: UND | F30: 45 | G30: 1583337.1 | H30: =ROUND(G30*F30,0) -> 71250169
A31: 710.1.3 | D31: SEÑAL VERTICA DE TRANSITO TIPO 2 CON LAMINA RETROREFLECTIVA TIPO (1.20x0.40 m) | E31: UND | F31: 6 | G31: 2265789.1 | H31: =ROUND(G31*F31,0) -> 13594735
H32: =SUM(H33:H33) -> 44806667
A33: 900.2.1 | D33: TRANSPORTE DE MATERIALES PROVENIENTES DE LA EXCAVACIÓN DE LA EXPLANACIÓN, CANALES Y PRÉSTAMOS PARA DISTANCIAS MAYORES DE MIL METROS 1000 M, MEDIDO A PARTIR DE CIEN METROS 100 M | E33: M3/KM | F33: =F17+F18+(F20/12) -> 31020 | G33: 1444.4444 | H33: =ROUND(G33*F33,0) -> 44806667
F36: VALOR OBRA | H36: =+H13+H16+H19+H21+H26+H32 -> 12136473409
F37: VALOR BASICO | H37: =+H36 -> 12136473409
F38: VALOR IVA (19% SOBRE UTILIDADES) | H38: =H37/1.3*0.05*0.19 -> 88689613
F39: VALOR TOTAL DE LA OBRA | H39: =SUM(H37:H38) -> 1.2225163e+10 | I39: VOLVER
A42: OBRAS PARA EL MANTENIMIENTO DEL PUENTE EL MORRO PR 003+0085 AL PR 003+0392
A43: ITEM DE PAGO | B43: Especificaciones | D43: DESCRIPCION | E43: UND. | F43: CANTIDAD | G43: VALOR UNITARIO ($) | H43: VALOR TOTAL ($)
B44: GRAL | C44: PART
D45: SUB TOTAL | H45: =ROUND(SUM(H46:H63),0) -> 2129850171
A46: 201.7 | B46: =LEFT(A46,3)&"-13" -> 201-13 | D46: Demoliciones pilotes-concretos antiguos dimensiones 0,40*0,40 (precio incluye, ensayos, buso, equipos etc) | E46: m3 | F46: 1110 | G46: 254473.46 | H46: =F46*G46 -> 2.8246554e+08
A47: 210.1.1 | B47: =LEFT(A47,3)&"-13" -> 210-13 | D47: Excavaciones sin clasificar de la explanaciòn, canales y prestamos | E47: m3 | F47: 290 | G47: 8765.3353 | H47: =F47*G47 -> 2541947.2
A48: 320.1 | B48: =LEFT(A48,3)&"-13" -> 320-13 | D48: Subbase granular incluye transporte | E48: m3 | F48: 230 | G48: 151717.06 | H48: =F48*G48 -> 34894925
A49: 330.1 | B49: =LEFT(A49,3)&"-13" -> 330-13 | D49: Base granular clase A | E49: m3 | F49: =100*8.2*0.3 -> 246 | G49: 155432.84 | H49: =F49*G49 -> 38236480
A50: 420.2 | B50: =LEFT(A50,3)&"-13" -> 420-13 | D50: Riego de imprimaciòn con emulsiòn asfaltica | E50: m2 | F50: 600 | G50: 2239.3636 | H50: =F50*G50 -> 1343618.2
A51: 450.1 | B51: =LEFT(A51,3)&"-13" -> 450-13 | D51: Mezcla densa en caliente tipo mdc 2 | E51: m3 | F51: 335 | G51: 1227440.4 | H51: =F51*G51 -> 4.1119253e+08
A52: 460.1 | B52: =LEFT(A52,3)&"-13" -> 460-13 | D52: Fresado de pavimento asfáltico en espesor de 10 cm | E52: m2 | F52: 2448 | G52: 7087.8954 | H52: =F52*G52 -> 17351168
A53: 510.1 | B53: =LEFT(A53,3)&"-13" -> 510-13 | C53: 510.1.P | D53: Adoquines (precio incluye desmontaje y montaje, suministro materiales e instalaciòn) | E53: m2 | F53: 1500 | G53: 114766.14 | H53: =F53*G53 -> 1.7214921e+08
A54: 600.2.4 | B54: =LEFT(A54,3)&"-13" -> 600-13 | D54: Excavaciones varias en material comun bajo agua (bajo el mar) | E54: m3 | F54: 300 | G54: 45066.287 | H54: =F54*G54 -> 13519886
A55: 630.1 | B55: =LEFT(A55,3)&"-13" -> 630-13 | D55: Concreto de alta resistencia Clase A (fc= 350kg/cm2) tipo 5 portlan etc | E55: m3 | F55: 90 | G55: 920434.44 | H55: =F55*G55 -> 82839100
A56: 642.2P | B56: =LEFT(A56,3)&"-13" -> 642-13 | D56: Sello para Juntas de Puentes. | E56: m | F56: 18 | G56: 52637.404 | H56: =F56*G56 -> 947473.27
A57: 630 | B57: =LEFT(A57,3)&"-13" -> 630-13 | D57: Mortero de reparaciòn (incluye suministro e instalaciòn y puertos) | E57: lt | F57: 2000 | G57: 113400 | H57: =F57*G57 -> 226800000
A58: 630 | B58: =LEFT(A58,3)&"-13" -> 630-13 | D58: Suministro de resinas epoxicas para sello de fisuras | E58: kg | F58: 350 | G58: 320000 | H58: =F58*G58 -> 112000000
A59: 630 | B59: =LEFT(A59,3)&"-13" -> 630-13 | D59: Limpieza de acero refuerzo y aplicaciòn de inhibidor de corrosiòn | E59: m | F59: 550 | G59: 32000 | H59: =F59*G59 -> 17600000
A60: 650.2 | B60: =LEFT(A60,3)&"-13" -> 650-13 | D60: Sand blasting limpieza y pintura (encamizado pilotes nuevos d=1m) | E60: m2 | F60: 792 | G60: 8391.9362 | H60: =F60*G60 -> 6646413.5
A61: P1 | D61: Hexapodos (precio incluye cables de amarre) | E61: m3 | F61: 650 | G61: 849000 | H61: =F61*G61 -> 551850000
A62: P1 | D62: Prueba de carga (precio incluye instrumentaciòn con equipos) | E62: gl | F62: 1 | G62: 62471884 | H62: =F62*G62 -> 62471884
A63: P1 | D63: Cauce (señalizaciòn, colocaciòn de boyas, canalizaciòn del trafico lanchas, etc) | E63: gl | F63: 1 | G63: 95000000 | H63: =F63*G63 -> 95000000
F64: VALOR OBRA | H64: =SUM(H46:H63) -> 2.1298502e+09
F65: VALOR BASICO | H65: =+H64 -> 2.1298502e+09
F66: VALOR IVA (19% SOBRE UTILIDADES) | H66: =H65/1.3*0.05*0.19 -> 15564290
F67: VALOR TOTAL DE LA OBRA | H67: =H65+H66 -> 2.1454145e+09 | I67: VOLVER
A69: MANTENIMIENTO Y MEJORAMIENTO PASO URBANO DE TUMACO - REPARACION PAVIMENTO ARTICULADO Y PAVIMENTO ASFÁLTICO EN LOS ACCESOS DEL PUENTE DEL PINDO (PR 006+0580 AL PR 007+0000)
A70: ITEM DE PAGO | B70: Especificaciones | D70: DESCRIPCION | E70: UND. | F70: CANTIDAD | G70: VALOR UNITARIO ($) | H70: VALOR TOTAL ($)
B71: GRAL | C71: PART
A72: EXPLANACIONES | H72: =SUM(H73:H74) -> 56782349
A73: 201.7 | C73: =IF(B73="-",A73,"") | D73: DEMOLICIÓN DE ESTRUCTURAS | E73: M3 | F73: =180*0.08 -> 14.4 | G73: 254473.46 | H73: =ROUND(G73*F73,0) -> 3664418
A74: 210.2.2 | D74: EXCAVACIÓN EN MATERIAL COMÚN DE LA EXPLANACIÓN Y CANALES | E74: M3 | F74: =(3892.2*0.6)-(25.6*0.5) -> 2322.52 | G74: 22870.818 | H74: =ROUND(G74*F74,0) -> 53117931
A75: =+[3]PRESUPUESTO!$B$14 -> BASES, SUB BASES Y AFIRMADOS | H75: =SUM(H76:H77) -> 350386221
A76: 320.1 | D76: SUB‐BASE GRANULAR CLASE A | E76: M3 | F76: =(3892.2*0.3)-(25.63*8*0.3) -> 1106.148 | G76: 103643.47 | H76: =ROUND(G76*F76,0) -> 114645020
A77: 330.1 | D77: BASE GRANULAR CLASE A | E77: M3 | F77: =(3892.2*0.2)-(25.63*8*0.2) -> 737.432 | G77: 319678.56 | H77: =ROUND(G77*F77,0) -> 235741201
A78: PAVIMENTOS ASFALTICOS | H78: =SUM(H79:H81) -> 526017714
A79: 420.1 | B79: 420-13 | D79: RIEGO DE IMPRIMACIÓN CON EMULSIÓN ASFÁLTICA CRL‐0 | E79: M2 | F79: 2657.4 | G79: 6077.8271 | H79: =ROUND(G79*F79,0) -> 16151218
A80: 450.1 | D80: MEZCLA DENSA EN CALIENTE TIPO MDC‐19. INCLUYE CEMENTO ASFÁLTICO | E80: M3 | F80: =F81*0.15 -> 398.61 | G80: 1227440.4 | H80: =ROUND(G80*F80,0) -> 489270010
A81: 460.1 | C81: =IF(B81="-",A81,"") | D81: FRESADO DE PAVIMENTO ASFALTICO EN ESPESOR DE 10 CM | E81: M2 | F81: 2657.4 | G81: 7750.6156 | H81: =ROUND(G81*F81,0) -> 20596486
A82: =+[3]PRESUPUESTO!$B$17 -> PAVIMENTOS DE CONCRETOS | H82: =SUM(H83) -> 149769810
A83: 510.1 | D83: PAVIMENTO DE ADOQUINES DE CONCRETO | E83: M2 | F83: 1305 | G83: 114766.14 | H83: =ROUND(G83*F83,0) -> 149769810
A84: =+[3]PRESUPUESTO!$B$19 -> ESTRUCTURAS Y DRENAJES | H84: =SUM(H85:H88) -> 53020263
A85: 610.2 | D85: RELLENOS PARA ESTRUCTURAS CON RECEBO | E85: M3 | F85: =51.7*0.7 -> 36.19 | G85: 80278.743 | H85: =ROUND(G85*F85,0) -> 2905288
A86: 630.4 | C86: =IF(B86="-",A86,"") | D86: CONCRETO RESISTENCIA 21MPA (CLASE D) | E86: M3 | F86: =28 -> 28 | G86: 1074512.4 | H86: =ROUND(G86*F86,0) -> 30086347
A87: 630.6 | D87: CONCRETO RESISTENCIA 14MPA (CLASE F) | E87: M3 | F87: 16 | G87: 704698.67 | H87: =ROUND(G87*F87,0) -> 11275179
A88: 640.1 | D88: ACERO DE REFUERZO F´y = 420MPA (Grado 60) | E88: KGR | F88: 1250 | G88: 7002.7593 | H88: =ROUND(G88*F88,0) -> 8753449
A89: =+[3]PRESUPUESTO!$B$24 -> OBRAS DE SEÑALIZACIÓN | H89: =SUM(H90:H94) -> 56343161
A90: 700.1 | D90: LINEA DE DEMARCACION CON PINTURA EN FRIO | E90: ML | F90: 804 | G90: 3500.7369 | H90: =ROUND(G90*F90,0) -> 2814592
A91: 700.3 | D91: MARCA VIAL CON PINTURA EN FRIO | E91: M2 | F91: 134 | G91: 53068.464 | H91: =ROUND(G91*F91,0) -> 7111174
A92: 701.1 | D92: TACHA REFLECTIVA | E92: UND | F92: 725 | G92: 22830.929 | H92: =ROUND(G92*F92,0) -> 16552424
A93: 710.1 | D93: SEÑAL VERTICA DE TRANSITO TIPO 1 CON LAMINA RETROREFLECTIVA TIPO III (75 x 75 ) cm | E93: UND | F93: 16 | G93: 1583337.1 | H93: =ROUND(G93*F93,0) -> 25333393
A94: 710.2 | D94: SEÑAL VERTICA DE TRANSITO TIPO 2 CON LAMINA RETROREFLECTIVA TIPO (1.20x0.40 m) | E94: UND | F94: 2 | G94: 2265789.1 | H94: =ROUND(G94*F94,0) -> 4531578
A95: =+[3]PRESUPUESTO!$B$30 -> TRANSPORTE DE MATERIALES | H95: =SUM(H96:H96) -> 3974768
A96: 900.2 | D96: TRANSPORTE DE MATERIALES PROVENIENTES DE LA EXCAVACIÓN DE LA EXPLANACIÓN, CANALES Y PRÉSTAMOS PARA DISTANCIAS MAYORES DE MIL METROS 1000 M, MEDIDO A PARTIR DE CIEN METROS 100 M | E96: M3/KM | F96: =((2657.4*0.6)+(1234.8*0.65))-(25.6*0.5) -> 2384.26 | G96: 1667.0866 | H96: =ROUND(G96*F96,0) -> 3974768
F98: VALOR OBRA | H98: =H72+H75+H82+H78+H95+H84+H89 -> 1196294286
F99: VALOR BASICO | H99: =+H98 -> 1196294286
F100: VALOR IVA (19% SOBRE UTILIDADES) | H100: =H99/1.3*0.05*0.19 -> 8742150.6
F101: VALOR TOTAL DE LA OBRA | H101: =H99+H100 -> 1.2050364e+09 | I101: VOLVER
A103: REHABILITACION DE PAVIMENTO ASFALTICO ENTRE PR8+0900 - PR18+0100
A104: ITEM DE PAGO | B104: Especificaciones | D104: DESCRIPCION | E104: UND. | F104: CANTIDAD | G104: VALOR UNITARIO ($) | H104: VALOR TOTAL ($)
B105: GRAL | C105: PART
A106: EXPLANACIONES | H106: =SUM(H107:H108) -> 444595228
A107: 201.8 | C107: =IF(B107="-",A107,"") | D107: DEMOLICIÓN DE PAVIMENTOS RIGIDOS Y FLEXIBLES | E107: M2 | F107: =3.5*(60+100+100+100+100+20+100+400+200+40+100+100+120+600+130+200+200+100+50+100) -> 10220 | G107: 29722.851 | H107: =ROUND(G107*F107,0) -> 303767534
A108: 600.1.1 | D108: EXCAVACIONES VARIAS SIN CLASIFICAR | E108: M3 | F108: =+F107*0.3 -> 3066 | G108: 45932.059 | H108: =ROUND(G108*F108,0) -> 140827694
A109: BASES, SUB BASES Y AFIRMADOS | H109: =SUM(H110:H110) -> 980134468
...

Sheet CANT OBRA 0501
A1: INSTITUTO NACIONAL DE VIAS
A2: DIRECCION TERRITORIAL NARIÑO
A3: CUADRO No. 7
A5: CALCULO DE CANTIDADES Y COSTOS ESTIMADOS DE NECESIDADES
A6: DE LAS VIAS (PREVENTIVAS Ó CRITICAS Ó PUENTES Ó PONTONES)
A7: INGENIERO RESIDENTE: | D7: JAIRO ANDRES VILLARREAL PANTOJA | G7: TRIMESTRE EVALUADO: | H7: =+'CANT OBRA 1001'!H7 -> AGO - SEP/2024
A8: CARRETERA: | C8: 0501 ESPRIELLA - RIO MIRA - RIO MATAJE | F8: SECTOR: | G8: LA ESPRIELLA PR 0+0000 - RIO MATAJE PR19+0200
A10: ITEM DE PAGO | B10: ESPECIFICACIONES
B11: GENERAL | C11: PARTICULAR | D11: DESCRIPCION | E11: UND. | F11: CANTIDAD | G11: VALOR UNITARIO ( $ ) | H11: VALOR TOTAL ( $ )
A13: 1. Descripción de la actividad
F20: VALOR BASICO
F21: VALOR IVA (19% SOBRE UTILIDADES)
F22: VALOR TOTAL DE LA OBRA
A24: NOTA: el contrato de "Mejoramiento y construcción, gestión social, predial y ambiental del proyecto: Espriella - Rio Mataje en el departamento de Nariño." Fue adjudicado al contratista: Consorcio Vías de Nariño. La interventoría está adjudicada al Consorcio Vial Nariño. En este momento el contrato se encuentra en proceso de entrega
D33: Administrador Vial | F33: Vo.Bo. DirectorTerritorial
A35: NOTA : Se deben presentar cuadros No. 7 del cálculo de cantidades y costos cantidades por separado para necesidades preventivas, para necesidades criticas, para necesidades de puentes, para necesidades de pontones, siendo los soportes de cada uno de estos cuadros. Las necesidades de señalización se deben indicar sólo en los cuadros No.15 y 16. Los precios unitarios deben coincidir con los del programa de APU. En caso de encontrar precios no reportados o de requerirse actualización, se debe enviar el respectivo análisis de precios unitarios.
G38: VOLVER A TABLA DE CONTENIDO

Sheet INF. EMERGENCIAS
A1: INSTITUTO NACIONAL DE VIAS
A2: DIRECCION TERRITORIAL NARIÑO
A4: CUADRO No.8
A6: INFORMACION SOBRE EMERGENCIAS
A8: INGENIERO(S) RESIDENTE(S): | C8: JAIRO ANDRES VILLARREAL PANTOJA | H8: TRIMESTRE EVALUADO: | I8: =+'CANT OBRA 0501'!H7 -> AGO - SEP/2024
A10: FECHA | B10: CARRETERA | C10: CODIGO | D10: PRi | E10: PRf | F10: TIPO DE EMERGENCIA | G10: SOLUCION | H10: COSTO ESTIMADO ($) | I10: OBSERVACIONES
A18: PARA EL PRESENTE PERIODO DE AGOSTO - SEPTIEMBRE/2024 CORRESPONDIENTE AL INFORME TRIMESTRAL No. 1, NO SE PRESENTARON EMERGENCIAS
A20: NOTA (1): El costo debe incluir AIU e IVA (19% sobre utilidades)
H21: VOLVER A TABLA DE CONTENIDO

Sheet ESTADO PUENTES
A1: INSTITUTO NACIONAL DE VIAS
A2: DIRECCION TERRITORIAL NARIÑO
A4: CUADRO No. 9
A6: ESTADO GENERAL DE LOS PUENTES
A8: INGENIERO(S) RESIDENTE(S): | E8: JAIRO ANDRES VILLARREAL PANTOJA | J8: TRIMESTRE EVALUADO: | M8: =+'INF. EMERGENCIAS'!I8 -> AGO - SEP/2024
A10: No. | B10: NOMBRE DEL PUENTE | C10: PR inicial | D10: PR final | E10: Longitud (m) | F10: CARRETERA | G10: CODIGO DE LA VIA | H10: TRANSITO | J10: ESTADO GENERAL | N10: OBSERVACIONES
H11: Normal | I11: Restringido | J11: Estribos Aletas | K11: Vigas Losas | L11: Barandas | M11: Estado crítico inmediato
A12: 1 | B12: EL MORRO | C12: 30085 | D12: =C12+E12 -> 30391.6 | E12: 306.6 | F12: Tumaco - Junín | G12: 1001 | H12: X | J12: ● | K12: ● | L12: ● | N12: PARA EL PRESENTE PERIODO EL PUENTE DEL MORRO SE ENCUENTRA EN INTERVENCION BAJO EL CONTRATO DE OBRA No. 2907-2023 Y DE INTERVENTORIA No. 2934-2023 CON FECHA DE INICIACION 09 DE NOVIEMBRE DE 2023. FASE DEL CONTRATO: OBRA
A13: 2 | B13: EL PINDO | C13: 60687 | D13: =C13+E13 -> 60713 | E13: 26 | F13: Tumaco - Junín | G13: 1001 | H13: X | J13: ● | K13: ● | L13: ● | N13: PARA EL PRESENTE PERIODO EL PUENTE EL PINDO SE ENCUENTRA EN INTERVENCION BAJO EL CONTRATO DE OBRA No. 2907-2023 Y DE INTERVENTORIA No. 2934-2023 CON FECHA DE INICIACION 09 DE NOVIEMBRE DE 2023. FASE DEL CONTRATO: OBRA
A14: 3 | B14: AGUACLARA | C14: 170230 | D14: =C14+E14 -> 170266.3 | E14: 36.3 | F14: Tumaco - Junín | G14: 1001 | H14: X | J14: ● | K14: ● | L14: ● | N14: PARA EL PRESENTE PERIODO EL PUENTE DE AGUACLARA SE ENCUENTRA EN INTERVENCION BAJO EL CONTRATO DE OBRA No. 2907-2023 Y DE INTERVENTORIA No. 2934-2023 CON FECHA DE INICIACION 09 DE NOVIEMBRE DE 2023. FASE DEL CONTRATO: OBRA
A15: 4 | B15: CHILVÍ | C15: 240943 | D15: =C15+E15 -> 240954.4 | E15: 11.4 | F15: Tumaco - Junín | G15: 1001 | H15: X | J15: ● | K15: ● | L15: ● | N15: ES NECESARIO REALIZAR UNA MODELACIÓN ESTRUCTURAL DADAS LAS NUEVAS CARGAS QUE ESTÁN AFECTANDO AL PUENTE DADO EL INCREMENTO DE CARGA DEBIDO AL CARGUE DE COMBUSTIBLE DESDE EL PUERTO DE TUMACO HACIA EL INTERIOR DEL DEPARTAMENTO; INCREMENTO DEBIDO AL PROBLEMA PRESENTADO EN LA VÍA PANAMERICANA EN EL SECTOR DE ROSAS.
A16: 5 | B16: TANGAREAL | C16: 370808 | D16: =C16+E16 -> 370819 | E16: 11 | F16: Tumaco - Junín | G16: 1001 | H16: X | J16: ● | K16: ● | L16: ●
A17: 6 | B17: ESPRIELLA | C17: 460637 | D17: =C17+E17 -> 460647.5 | E17: 10.5 | F17: Tumaco - Junín | G17: 1001 | H17: X | J17: ● | K17: ● | L17: ●
A18: 7 | B18: EL PINDE | C18: 710349 | D18: =C18+E18 -> 710355.3 | E18: 6.3 | F18: Tumaco - Junín | G18: 1001 | H18: X | J18: ● | K18: ● | L18: ●
B20: CONVENCIONES:
B21: N.E. : No existe | F21: ● En buen estado | G21: ● En regular estado | J21: ● En mal estado | M21: x | N21: Se reparó en el presente mes
A24: NOTA: Se deben diligenciar todas las casillas.
L25: VOLVER A TABLA DE CONTENIDO

Sheet NECESIDADES PTES
A1: INSTITUTO NACIONAL DE VIAS
A2: DIRECCION TERRITORIAL NARIÑO
A3: CUADRO No. 10
A5: PRIORIZACION PUENTES QUE REQUIEREN ATENCION - REHABILITACION Y CONSERVACION
A8: INGENIERO(S) RESIDENTE(S): | E8: JAIRO ANDRES VILLARREAL PANTOJA | M8: TRIMESTRE EVALUADO: | N8: =+'ESTADO PUENTES'!M8 -> AGO - SEP/2024
A10: No. | B10: TERRITORIAL | C10: CODIGO DEL PUENTE (Sipucol) | D10: NOMBRE DEL PUENTE | E10: CALIFICACION | F10: TPDS | G10: LONG. (m) | H10: CARRETERA | I10: PR inicial | J10: PR final | K10: TIPO DAÑO | L10: DESCRIPCION DE LOS TRABAJOS | M10: COSTO APROXIMADO | O10: OBSERVACIONES
M11: $
M12: ESTUDIOS | N12: OBRA
A13: 1 | B13: NARIÑO | C13: 17-1001-001.00 | D13: EL MORRO | E13: 3 | F13: 5000 | G13: 306.6 | H13: TUMACO - JUNÍN | I13: 30085 | J13: =+I13+G13 -> 30391.6 | L13: SE REITERA LA NECESIDAD DE PROGRAMAR INSPECCIÓN ESPECIAL PARA REVISAR LOS PILOTES ANTIGUOS, PILAS, VIGA Y LOSAS, DADAS LAS FALLAS PRESENTES EN LA LOSA Y ACCESOS DEL PUENTE | M13: ='1P'!E40 -> 414667400 | N13: =+'CANT OBRA 1001'!H67 -> 2.1454145e+09 | O13: PARA EL PRESENTE PERIODO EL PUENTE DEL MORRO SE ENCUENTRA EN INTERVENCION BAJO EL CONTRATO DE OBRA No. 2907-2023 Y DE INTERVENTORIA No. 2934-2023 CON FECHA DE INICIACION 09 DE SEPTIEMBRE DE 2023. FASE DEL CONTRATO: OBRA
A14: 2 | B14: NARIÑO | C14: 17-1001-002.00 | D14: EL PINDO | E14: 4 | F14: 6319 | G14: 26 | H14: TUMACO - JUNÍN | I14: 60687 | J14: 60713 | L14: NECESITA LA DEMOLICIÓN Y DESALOJO DEL MATERIAL DE LOS ESTRIBOS Y RECALCE DE LOS MISMOS. POR OTRA PARTE SE HACE NECESARIO LA CONSTRUCCIÓN DEL NUEVO PUENTE DADAS LAS NECESIDADES DE FORTALECER LAS RUTAS DE EVACUACIÓN ANTE LA INMINENTE OCURRENCIA DE UN TSUNAMI PARA 170.000 HABITANTES | N14: =+'CANT OBRA 1001'!H311 -> 1.4040099e+08 | O14: PARA EL PRESENTE PERIODO EL PUENTE EL PINDO SE ENCUENTRA EN INTERVENCION BAJO EL CONTRATO DE OBRA No. 2907-2023 Y DE INTERVENTORIA No. 2934-2023 CON FECHA DE INICIACION 09 DE SEPTIEMBRE DE 2023. FASE DEL CONTRATO: OBRA
I15: 60200 | J15: 90800 | L15: CONSTRUCCION NUEVO PUENTE EL PINDO Y SUS ACCESOS (PR 006+0200 AL PR 009+0800). | N15: =+'CANT OBRA 1001'!H263 -> 8.1177449e+10 | O15: E.D.L LTDA INGENIEROS CONSULTORES ELABORÓ LOS DISEÑOS DEL NUEVO PUENTE A TRAVÉS DEL CONTRATO No. 2624 DE 2008. ESTE ESTUDIO DEBE SER ACTUALIZADO POR CAMBIOS EN EL CODIGO DE CONSTRUCCIONES SISMORESISTENTES LA CONSTRUCCION DE ESTE NUEVO PUENTE ES NECESARIO PARA EVACUACION DE LA POBLACION DE TUMACO EN UN CASO EVENTUAL DE TSUNAMI
A16: 3 | B16: NARIÑO | C16: 17-1001-003.00 | D16: AGUACLARA | E16: 2 | F16: 1786 | G16: 36.3 | H16: TUMACO - JUNÍN | I16: 170230 | J16: 170266.3 | L16: NECESITA VALORACION ESTRUCTURAL DEBIDO A HURTO DE PLATINAS DE REFUERZO DE VIGAS PRINCIPALES; INSPECCIÓN PROFUNDA DE ALETAS Y ESTRIBOS, DADAS LAS APARENTES FALLAS POR EFECTO DE LAS MAREAS SOBRE LOS ELEMENTOS METÁLICOS; FALTA PINTURA DE BORDILLOS Y BARANDAS. PRESENTA HUNDIMIENTOS EN LOS ACCESOS | M16: 200000000 | N16: 4000000000 | O16: PARA EL PRESENTE PERIODO EL PUENTE EL PINDO SE ENCUENTRA EN INTERVENCION BAJO EL CONTRATO DE OBRA No. 2907-2023 Y DE INTERVENTORIA No. 2934-2023 CON FECHA DE INICIACION 09 DE SEPTIEMBRE DE 2023. FASE DEL CONTRATO: OBRA
A17: 4 | B17: NARIÑO | C17: 17-1001-004.00 | D17: CHILVÍ | E17: 2 | F17: 1786 | G17: 11.4 | H17: TUMACO - JUNÍN | I17: 240943 | J17: 240954.4 | L17: RESANES Y RECALCES, INSPECCION DE GRIETAS EN VIGAS; INSPECCION DE DESPRENDIMIENTOS EN LA LOSA | N17: =+'CANT OBRA 1001'!H356 -> 49234033 | O17: EN EL COSTO DE MANTENIMIENTO SE TUVO EN CUENTA EL PRESUPUESTO PRESENTADO POR CONSORCIO INGENIERIA VIAL 2011 "ESTUDIO DE INSPECCION E INVENTARIO DE PUENTES DE LA RED NACIONAL DE CARRETERAS ZONA SUR - INFORME PUENTE EL PINDO".
A18: 5 | B18: NARIÑO | C18: 17-1001-005.00 | D18: TANGAREAL | E18: 3 | F18: 1786 | G18: 11 | H18: TUMACO - JUNÍN | I18: 370808 | J18: 370819 | L18: CONSTRUCCION DE UN DISIPADOR DE ENERGIA EN UNA LONGITUD DE 15M PARA EVITAR EROSIÓN DEL TALUD DE ENTRADA; REPARACIÓN DEL CONCRETO DE ALETA; PROTECCION CONTRA CORROSIÓN EN LOS ESTRIBOS; INSPECCIÓN, VALORACION E INTERVENCIÓN DE GRIETAS Y DESPRENDIMIENTOS EN CONCRETO DE VIGA; LIMPIEZA DE CAUCE. | N18: =+'CANT OBRA 1001'!H368 -> 74179817
A19: 6 | B19: NARIÑO | C19: 17-1001-006.00 | D19: ESPRIELLA | E19: 2 | F19: 1786 | G19: 10.5 | H19: TUMACO - JUNÍN | I19: 460637 | J19: 460647.5 | L19: INSPECCION Y RESANE DEL CONCRETO DE ALETAS POR EROSIÓN Y HORMIGUEROS; LIMPIEZA DE CAUCE Y MANTENIMIENTO GENERAL | N19: =+'CANT OBRA 1001'!H380 -> 42194371
A20: 7 | B20: NARIÑO | C20: 17-1001-007.00 | D20: EL PINDE | E20: 2 | F20: 1356 | G20: 6.3 | H20: TUMACO - JUNÍN | I20: 710349 | J20: 710355.3
A22: LOS VALORES REGISTRADOS EN LA COLUMNA COSTO ESTIMADO, DEBEN ESTAR ENLAZADOS CON EL HIPERVINCULO DEL CUADRO No. 7 "CALCULO DE CANTIDADES Y COSTOS ESTIMADOS DE NECESIDADES DE LAS VIAS", RESPECTIVO.
M23: =SUM(M13:M20) -> 614667400 | N23: =SUM(N13:N20) -> 8.7628872e+10
K25: Valor Interven. | M25: =0.2*(M23-M24) -> 122933480 | N25: =0.2*(N23-N24) -> 1.7525774e+10
K28: Valor Necesidades | M28: =SUM(M23:M25) -> 737600880 | N28: =SUM(N23:N25) -> 1.0515465e+11
M30: VOLVER A TABLA DE CONTENIDO

Sheet ESTADO PONTONES
A1: INSTITUTO NACIONAL DE VIAS
A2: DIRECCION TERRITORIAL NARIÑO
A4: CUADRO No. 11
A6: ESTADO GENERAL DE LOS PONTONES
A8: INGENIERO(S) RESIDENTE(S): | D8: JAIRO ANDRES VILLARREAL PANTOJA | J8: TRIMESTRE EVALUADO: | K8: =+'NECESIDADES PTES'!N8 -> AGO - SEP/2024
F10: TRANSITO | H10: ESTADO GENERAL
A11: No. | B11: PR inicial | C11: PR final | D11: CARRETERA | E11: CODIGO | F11: Normal | G11: Restringido | H11: Estribos Aletas | I11: Vigas Losas | J11: Barandas | K11: Estado crítico inmediato | L11: OBSERVACIONES
A12: 1 | B12: 22+0162 | C12: 22+0167 | D12: TUMACO - JUNIN | E12: 1001 | F12: X | H12: ● | I12: ● | J12: ●
A13: 2 | B13: 27+0427 | C13: 27+0430 | D13: TUMACO - JUNIN | E13: 1001 | F13: X | H13: ● | I13: ● | J13: ● | L13: REQUIERE BORDILLO
A14: 3 | B14: 33+0466 | C14: 33+0469 | D14: TUMACO - JUNIN | E14: 1001 | F14: X | H14: ● | I14: ● | J14: ●
A15: 4 | B15: 37+0123 | C15: 37+0128 | D15: TUMACO - JUNIN | E15: 1001 | F15: X | H15: ● | I15: ● | J15: ●
A16: 5 | B16: 40+0098 | C16: 40+0104 | D16: TUMACO - JUNIN | E16: 1001 | F16: X | H16: ● | I16: ● | J16: ● | L16: REQUIERE MANTENIMIENTO DE LOSA Y ESTRIBOS. CONSTRUCCION DE PROTECCIONES EN LAS ESQUINAS Y RELLENOS.
A17: 6 | B17: 56+0748 | C17: 56+0751 | D17: TUMACO - JUNIN | E17: 1001 | F17: X | H17: ● | I17: ● | J17: ●
A18: 7 | B18: 59+0197 | C18: 59+0200 | D18: TUMACO - JUNIN | E18: 1001 | F18: X | H18: ● | I18: ● | J18: ●
A19: 8 | B19: 66+0523 | C19: 66+0528 | D19: TUMACO - JUNIN | E19: 1001 | F19: X | H19: ● | I19: ● | J19: ● | L19: POBLACIÓN DE LLORENTE. PRESENTA EL CAUCE INVADIDO POR LAS CONSTRUCCIONES AGUAS ARRIBA Y ABAJO.
A20: 9 | B20: 82+0587 | C20: 82+0590 | D20: TUMACO - JUNIN | E20: 1001 | F20: X | H20: ● | I20: ● | J20: ●
A21: 10 | B21: 102+0290 | C21: 102+0295 | D21: TUMACO - JUNIN | E21: 1001 | F21: X | H21: ● | I21: ● | J21: ●
A22: (*) | B22: 110+0058 | C22: 110+0065 | D22: TUMACO - JUNIN | E22: 1001 | H22: ● | I22: ● | J22: ●
A24: CONVENCIONES:
A25: N.E. : No existe | D25: En buen estado | E25: En regular estado | H25: En mal estado | K25: x | L25: Se reparó en el presente mes
A28: NOTA: Se deben diligenciar todas las casillas. | K28: VOLVER A TABLA DE CONTENIDO

Sheet NEC. PONTONES
A1: INSTITUTO NACIONAL DE VIAS
A2: DIRECCION TERRITORIAL NARIÑO
A4: CUADRO No. 12
A6: NECESIDADES DE LOS PONTONES
A9: INGENIERO RESIDENTE: | B9: JAIRO ANDRES VILLARREAL PANTOJA | F9: TRIMESTRE EVALUADO: | G9: =+'ESTADO PONTONES'!K8 -> AGO - SEP/2024
A11: CARRETERA | B11: CODIGO | C11: PR inicial | D11: PR final | E11: DESCRIPCION DE LA NECESIDAD | F11: COSTO ESTIMADO ($) | G11: OBSERVACIONES
A12: TUMACO - JUNIN | B12: 1001 | C12: 0+0000 | D12: 118+1006
A13: ESPRIELLA - RIO MIRA - RIO MATAJE | B13: 0501 | C13: 0+0000 | D13: 19+0200
A20: LOS VALORES REGISTRADOS EN LA COLUMNA COSTO ESTIMADO, DEBEN ESTAR ENLAZADOS CON EL HIPERVINCULO DEL CUADRO No. 7 "CALCULO DE CANTIDADES Y COSTOS ESTIMADOS DE NECESIDADES DE LAS VIAS", RESPECTIVO.
A21: NOTA (1): El costo debe incluir AIU e IVA (19% sobre utilidades)
A22: Se deben diligenciar todas las casillas. | F22: VOLVER A TABLA DE CONTENIDO

Sheet ESTADO TUNELES
A1: INSTITUTO NACIONAL DE VIAS
A2: DIRECCION TERRITORIAL NARIÑO
A4: CUADRO No. 13
A6: ESTADO GENERAL DE LOS TUNELES
A8: INGENIERO RESIDENTE: | C8: JAIRO ANDRES VILLARREAL PANTOJA | N8: TRIMESTRE EVALUADO: | Q8: =+'NEC. PONTONES'!G9 -> AGO - SEP/2024
A11: CARRETERA | B11: CODIGO | C11: NOMBRE DEL TUNEL | D11: LOCALIZACIÓN | G11: TIPO TUNEL | H11: ESTADO GENERAL | T11: OBSERVACIONES
D12: PR inicial | E12: PR final | F12: LONG. TOTAL (m) | H12: ILUMINACIÓN | I12: VENTILACIÓN | J12: SEÑALIZACIÓN | M12: HASTIAL IZQUIERDO | N12: HASTIAL DERECHO | O12: BOVEDA | P12: RASANTE | Q12: SISTEMA DE DRENAJE | R12: PUESTOS DE EMERGENCIA | S12: PROTECCIÓN CONTRA INCENDIOS
J13: HORIZONTAL | K13: VERTICAL | L13: No. SEÑALES FALTANTES
A14: TUMACO - JUNIN | B14: 1001 | T14: N.E.
A15: ESPRIELLA - RIO MIRA - RIO MATAJE | B15: 0501 | T15: N.E.
A18: N.E. : No existe | C18: En buen estado | F18: En regular estado | I18: En mal estado | L18: x | M18: Se reparó en el presente mes
Q19: VOLVER A TABLA DE CONTENIDO
A20: TIPO TUNEL: | B20: UNIDIRECCIONAL
B21: BIDIRECCIONAL

Sheet NECESIDADES EN TÚNELES
A1: INSTITUTO NACIONAL DE VIAS
A2: DIRECCION TERRITORIAL NARIÑO
A4: CUADRO No. 14
A6: NECESIDADES DE LOS TUNELES
A8: INGENIERO RESIDENTE: | C8: JAIRO ANDRES VILLARREAL PANTOJA | H8: TRIMESTRE EVALUADO: | J8: =+'ESTADO TUNELES'!Q8 -> AGO - SEP/2024
A11: CARRETERA | B11: CODIGO | C11: NOMBRE TUNEL | D11: LOCALIZACIÓN | G11: TIPO DAÑO | H11: DESCRIPCIÓN DE LOS TRABAJOS | I11: COSTO APROXIMADO ( $ ) | K11: OBSERVACIONES
D12: PR inicial | E12: PR final | F12: LONG. TOTAL (m)
I13: ESTUDIOS | J13: OBRA
A14: TUMACO - JUNIN | B14: 1001
A15: ESPRIELLA - RIO MIRA - RIO MATAJE | B15: 0501
A16: LOS VALORES REGISTRADOS EN LA COLUMNA COSTO ESTIMADO, DEBEN ESTAR ENLAZADOS CON EL HIPERVINCULO DEL CUADRO No. 7 "CALCULO DE CANTIDADES Y COSTOS ESTIMADOS DE NECESIDADES DE LAS VIAS", RESPECTIVO.
J18: VOLVER A TABLA DE CONTENIDO

Sheet Señalización Vertical
A1: INSTITUTO NACIONAL DE VIAS
A2: DIRECCION TERRITORIAL: NARIÑO
A3: CUADRO No.15
A4: ESTADO DE LA SEÑALIZACION VERTICAL Y SEÑALIZACION VERTICAL FALTANTE.
A6: RUTA: | C6: 10 | O6: TRAMO: | R6: 01 : PR.000+0000 - PR.118+1006
C7: 05 | R7: 01 : PR.000+0000 - PR.010+0400
D9: SEÑALES SP, SR Y SI | H9: PASAVIAS | L9: SEÑALES TIPO BANDERA | P9: SEÑALES SI 05 Y SI 06 | T9: DELINEADORES DE CURVA | X9: POSTES DE REFERENCIACIÓN | AB9: DEFENSAS METÁLICAS
A10: RUTA | B10: TRAMO | C10: Km. | D10: B | E10: R | F10: M | G10: F | H10: B | I10: R | J10: M | K10: F | L10: B | M10: R | N10: M | O10: F | P10: B | Q10: R | R10: M | S10: F | T10: B | U10: R | V10: M | W10: F | X10: B | Y10: R | Z10: M | AA10: F | AB10: B | AC10: R | AD10: M | AE10: F
D11: Und | E11: Und | F11: Und | G11: Und | H11: Und | I11: Und | J11: Und | K11: Und | L11: Und | M11: Und | N11: Und | O11: Und | P11: Und | Q11: Und | R11: Und | S11: Und | T11: Und | U11: Und | V11: Und | W11: Und | X11: Und | Y11: Und | Z11: Und | AA11: Und | AB11: ml | AC11: ml | AD11: ml | AE11: ml
A12: (1) | B12: (2) | C12: (3) | D12: (4) | E12: (5) | F12: (6) | G12: (7) | H12: (8) | I12: (9) | J12: (10) | K12: (11) | L12: (12) | M12: (13) | N12: (14) | O12: (15) | P12: (16) | Q12: (17) | R12: (18) | S12: (19) | T12: (20) | U12: (21) | V12: (22) | W12: (23) | X12: (24) | Y12: (25) | Z12: (26) | AA12: (27) | AB12: (28) | AC12: (29) | AD12: (30) | AE12: (31)
A13: 10 | B13: 01 | C13: =+'[1]GENERALIDADES '!D23 -> 119.794 | D13: 547 | E13: 164 | F13: 234 | G13: 179 | H13: 0 | I13: 0 | J13: 0 | K13: 0 | L13: 0 | M13: 3 | N13: 0 | O13: 0 | P13: 5 | Q13: 5 | R13: 7 | S13: 6 | T13: 41 | U13: 41 | V13: 54 | W13: 280 | X13: 118 | Y13: 0 | Z13: 0 | AA13: 12 | AB13: =4443+174 -> 4617 | AC13: 300 | AD13: 10 | AE13: 3000
A14: 05 | B14: 01 | C14: 10.4 | D14: 53 | E14: 0 | F14: 0 | G14: 0 | H14: 0 | I14: 0 | J14: 0 | K14: 0 | L14: 0 | M14: 0 | N14: 0 | O14: 0 | P14: 7 | Q14: 0 | R14: 0 | S14: 0 | T14: 27 | U14: 0 | V14: 0 | W14: 0 | X14: 0 | Y14: 0 | Z14: 0 | AA14: 10 | AB14: 3342 | AC14: 0 | AD14: 0 | AE14: 0
AL15: 831 | AM15: 119.25
A16: TOTALES: | D16: =SUM(D13:D15) -> 600 | E16: =SUM(E13:E15) -> 164 | F16: =SUM(F13:F15) -> 234 | G16: =SUM(G13:G15) -> 179 | H16: =SUM(H13:H15) -> 0 | I16: =SUM(I13:I15) -> 0 | J16: =SUM(J13:J15) -> 0 | K16: =SUM(K13:K15) -> 0 | ... AE16: =SUM(AE13:AE15) -> 3000 | AL16: 250
A18: CONVENCIONES Y DESCRIPCION.
A20: (1): Identificación de la Ruta de acuerdo con la nomenclatura vial vigente.
A21: (2): Identificación del tramo de acuerdo con la nomenclatura vial vigente.
A22: (3): Longitud del tramo en kilómetros.
A23: (4), (8), (12), (16), (20): B= Número de señales instaladas en el tramo que se encuentran en buen estado. Se deben incluir las señales que se encuentren en perfecto estado en cuanto a
A24: legibilidad, reflectividad, pintura de postes y de parales, pintura posterior y cimientos.
A25: (5), (9), (13), (17), (21): R = Número de señales instaladas en el tramo que se encuentran en regular estado. Se deben incluir las señales que se encuentren en regular estado en cuanto a
A26: legibilidad, reflectividad, pintura de postes y de parales, pintura posterior y cimientos, pero que por su nivel de deterioro sean susceptibles de incluir en programas de recuperación y/o mantenimiento.
A27: (6), (10), (14), (18), (22): M = Número de señales instaladas en el tramo que se encuentran en mal estado. Se deben incluir las señales que por su estado de deterioro no brindan ninguna
A28: información al usuario de la vía y que no sean susceptibles de incluir en programas de recuperación y mantenimiento, requiriendo su reposición y remoción.
A29: (7), (11), (15), (19), (23): F = Número de señales faltantes que se requieren y no han sido instaladas (sin incluir las que se encuentran en regular y en mal estado).
A30: (24): B= Número de postes de referenciación que se encuentran en buen estado en cuanto a pintura y a su estructura en concreto.
... A38: (31): Metros lineales de defensas metálica faltantes que se requieren y que no han sido instalados (sin incluir los que se encuentran en regular y en mal estado).
W40: VOLVER A TABLA DE CONTENIDO

Sheet Señalización Horizontal
A1: INSTITUTO NACIONAL DE VIAS
A2: DIRECCION TERRITORIAL: NARIÑO
A3: CUADRO No.16
A4: ESTADO DE LA SEÑALIZACION HORIZONTAL Y SEÑALIZACION HORIZONTAL FALTANTE.
A6: RUTA: | C6: 10 | J6: TRAMO: | L6: 01 : PR.0+0000 - PR.118+1006
C7: 05 | L7: 01 : PR.0+0000 - PR.10+0400
D9: LINEAS DE DEMARCACIÓN CON PINTURA ACRÍLICA | H9: LINEAS DE DEMARCACIÓN CON RESINAS TERMOPLÁSTICAS | L9: MARCAS VIALES | P9: TACHAS REFLECTIVAS
A11: RUTA | B11: TRAMO | C11: Km. | D11: B | E11: R | F11: M | G11: F | H11: B | I11: R | J11: M | K11: F | L11: B | M11: R | N11: M | O11: F | P11: INST | Q11: F
D12: ml | E12: ml | F12: ml | G12: ml | H12: ml | I12: ml | J12: ml | K12: ml | L12: m2 | M12: m2 | N12: m2 | O12: m2 | P12: und | Q12: und
A13: (1) | B13: (2) | C13: (3) | D13: (4) | E13: (5) | F13: (6) | G13: (7) | H13: (8) | I13: (9) | J13: (10) | K13: (11) | L13: (12) | M13: (13) | N13: (14) | O13: (15) | P13: (16) | Q13: (17)
A14: 10 | B14: 01 | C14: =+'[1]Señalización Vertical'!C13 -> 119.794 | D14: =+AF19*0.1 -> 38022.3 | E14: =+AF19*0.1 -> 38022.3 | F14: =+AF19*0.8 -> 304178.4 | L14: 845 | M14: 430 | N14: 1567 | O14: 498 | P14: 28113 | Q14: 22806 | AD14: =+D14+E14+F14 -> 380223 | AE14: =+AD14/C14/1000 -> 3.1739737
A15: 05 | B15: 01 | C15: 10.4 | D15: 41600 | E15: 0 | F15: 0 | G15: 0 | H15: 0 | I15: 0 | J15: 0 | K15: 0 | L15: 0 | M15: 0 | N15: 0 | O15: 0 | P15: 0 | Q15: 0 | AD15: =119-110 -> 9 | AE15: 118358 | AF15: =+AE16/AE15 -> 0.30920597 | AG15: =+AE17/AE15 -> 0.57121614 | AH15: =+AF15+AG15 -> 0.88042211
AE16: 36597 | AF16: =+AE16*3 -> 109791 | AG16: LINEA CENTRAL UNICA
AE17: 67608 | AF17: =+AE17*4 -> 270432 | AG17: LINEA CENTRAL DOBLE
A18: TOTALES | C18: =SUM(C14:C17) -> 130.194 | D18: =SUM(D14:D17) -> 79622.3 | E18: =SUM(E14:E17) -> 38022.3 | F18: =SUM(F14:F17) -> 304178.4 | G18: =SUM(G14:G17) -> 0 | H18: =SUM(H14:H17) -> 0 | I18: =SUM(I14:I17) -> 0 | J18: =SUM(J14:J17) -> 0 | ... Q18: =SUM(Q14:Q17) -> 22806 | AE18: =+AE17-6580-9000 -> 52028
AF19: =SUM(AF16:AF18) -> 380223
A20: LA RUTA 05 TRAMO 01 SE ENCUENTRA ACTUALMENTE EN PROCESO DE FINALIZACION DE ALGUNAS ACTIVIDADES Y POSTERIOR ENTREGA
A22: CONVENCIONES Y DESCRIPCION.
A23: (1): Identificación de la Ruta de acuerdo con la nomenclatura vial vigente.
A24: (2): Identificación del tramo de acuerdo con la nomenclatura vial vigente.
A25: (3): Longitud del tramo en kilómetros.
A26: (4), (8): B= ml. de pintura acrílica o termoplástica que se encuentran en buen estado en cuanto a definición de líneas de demarcación y reflectividad
A27: (5), (9): R= Metros lineales pintura acrílica o termoplástica que se encuentran en regular estado por no presentar buena definición
B28: de líneas de demarcación o de reflectividad.
A29: (6), (10): M= Metros lineales de pintura acrílica o termoplástica que se encuentran en mal estado por no brindar ningún tipo de
B30: servicio al usuario ante la falta de definición en la línea de demarcación y en la reflectividad.
A31: (7), (11): F= Metros lineales de pintura acrílica y termoplástica faltante.
A32: (12): B= Metros cuadrados de marcas viales que se encuentran en buen estado en cuanto a definición y reflectividad.
A33: (13): R= Metros cuadrados de marcas viales que se encuentran en regular estado en cuanto a definición y reflectividad.
A34: (14): M= Metros cuadrados de marcas viales que se encuentran en mal estado en cuanto a definición y reflectividad.
A35: (15): F= Metros cuadrados de marcas viales faltantes.
A36: (16): Número de Tachas reflectivas instaladas.
A37: (17): Número de Tachas reflectivas faltantes.
N39: VOLVER A TABLA DE CONTENIDO

Sheet ACCIDENTALIDAD
A1: INSTITUTO NACIONAL DE VIAS
A2: DIRECCION TERRITORIAL NARIÑO
A4: CUADRO No. 17
A6: INFORME DE ACCIDENTALIDAD MES AGOSTO - SEPTIEMBRE 2024
A8: INGENIERO RESIDENTE: | C8: JAIRO ANDRES VILLARREAL PANTOJA | I8: TRIMESTRE EVALUADO: | J8: =+'[11]NECESIDADES EN TÚNELES'!J8 -> AGO - SEP/2024
A10: FECHA | B10: HORA | C10: CARRETERA | D10: CODIGO | E10: PR | F10: HERIDOS | G10: MUERTOS | H10: CLASE DE ACCIDENTE | I10: CAUSAS APARENTES O PROBABLES | J10: TIPO DE VEHICULO
A11: 45506 | B11: 0.40625 | C11: TUMACO - JUNIN | D11: 1001 | E11: 74+500 | F11: 1 | G11: 0 | H11: ATROPELLO | I11: 116 - Exceso de velocidad | J11: AUTOMÓVIL
A12: 45543 | B12: 0.77430556 | C12: TUMACO - JUNIN | D12: 1001 | E12: 37+500 | F12: 0 | G12: 1 | H12: CHOQUE | I12: 116 - Exceso de velocidad | J12: AUTOMÓVIL MOTOCICLETA
A13: 45543 | B13: 0.83333333 | C13: TUMACO - JUNIN | D13: 1001 | E13: 63+300 | F13: 0 | G13: 1 | H13: CAIDA DE OCUPANTE | I13: 116 - Exceso de velocidad | J13: MOTOCICLETA
A14: 45552 | B14: 0.24305556 | C14: TUMACO - JUNIN | D14: 1001 | E14: 8+400 | F14: 1 | G14: 0 | H14: CHOQUE | I14: 139 - Impericia en el manejo | J14: MOTOCICLETA CAMIONETA
A23: DICIEMBRE | C23: TUMACO- JUNIN | D23: 1001 | E23: PARA LA FECHA DE PRESENTACION DEL PRESENTE INFORME LA SECRETARIA DE MOVILIDAD NO HA SUMINISTRADO LA INFORMACION DE LA ACCIDENTALIDAD DEL MES ESTA SERA REGISTRADA EN EL SIGUIENTE INFORME
A25: CLASE DE ACCIDENTE: | C25: Choque,volcamiento, salida de la vía, etc.
A26: CAUSA: | C26: Exceso de velocidad, embriaguez, superficie de la vía, hueco, etc.
A27: TIPO DE VEHICULO: | C27: Motocicleta, automóvil, camión, bus, etc.
I29: VOLVER A TABLA DE CONTENIDO

Sheet DEFENSA VIAS
A1: INSTITUTO NACIONAL DE VIAS
A2: DIRECCION TERRITORIAL NARIÑO
A4: CUADRO No. 18
A6: RESUMEN DE ACTIVIDADES PARA EL BUEN USO Y DEFENSA DE LAS VIAS
A8: INGENIERO(S) RESIDENTE(S): | C8: JAIRO ANDRES VILLARREAL PANTOJA | F8: FECHA: | H8: =+ACCIDENTALIDAD!J8 -> AGO - SEP/2024
A10: VIA: 1001 TUMACO - JUNIN
A11: PERIODO | B11: VALLAS INVENTARIADAS | C11: VALLAS RETIRADAS | D11: AVISOS INVENTARIADOS | E11: AVISOS RETIRADOS | F11: CORRIMIENTO CERCAS (ml) | G11: EMPRADIZACION (M2) | H11: ERRADICACION BASUREROS (No.) | I11: ARBORIZACION
A12: AGOSTO | B12: 5 | C12: 3 | D12: 50 | E12: 0 | F12: 0 | G12: 0 | H12: 0 | I12: 0
A13: SEPTIEMBRE | B13: 3 | C13: 3 | D13: 50 | E13: 0 | F13: 0 | G13: 0 | H13: 0 | I13: 0
A15: =+H8 -> AGO - SEP/2024 | B15: =SUM(B12:B14) -> 8 | C15: =SUM(C12:C14) -> 6 | D15: =SUM(D12:D14) -> 100 | E15: =SUM(E12:E14) -> 0 | F15: =SUM(F12:F14) -> 0 | G15: =SUM(G12:G14) -> 0 | H15: =SUM(H12:H14) -> 0 | I15: =SUM(I12:I14) -> 0
A17: ACUMULADO
A18: NOTAS:
A19: Debe relacionarse todo lo inventariado en cada trimestre del contrato y por cada via a cargo.
A21: VIA: 0501 LA ESPRIELLA - RIO MIRA - RIO MATAJE
A22: PERIODO | B22: VALLAS INVENTARIADAS | C22: VALLAS RETIRADAS | D22: AVISOS INVENTARIADOS | E22: AVISOS RETIRADOS | F22: CORRIMIENTO CERCAS (ml) | G22: EMPRADIZACION (M2) | H22: ERRADICACION BASUREROS (No.) | I22: ARBORIZACION
A23: AGOSTO | B23: 5 | C23: 3 | D23: 50 | E23: 0 | F23: 0 | G23: 0 | H23: 0 | I23: 0
A24: SEPTIEMBRE | B24: 3 | C24: 3 | D24: 50 | E24: 0 | F24: 0 | G24: 0 | H24: 0 | I24: 0
A26: =+A15 -> AGO - SEP/2024 | B26: 1 | C26: 1 | D26: 20 | E26: =SUM(E23:E25) -> 0 | F26: =SUM(F23:F25) -> 0 | G26: =SUM(G23:G25) -> 0 | H26: =SUM(H23:H25) -> 0 | I26: =SUM(I23:I25) -> 0
A28: ACUMULADO
A29: NOTAS:
A30: Debe relacionarse todo lo inventariado en cada trimestre del contrato y por cada via a cargo.
G32: VOLVER A TABLA DE CONTENIDO

Sheet SEGUIMIENTO
A1: INSTITUTO NACIONAL DE VIAS
A2: ADMINISTRACION VIAL GRUPO 1 TERRITORIAL NARIÑO
A3: CUADRO No. 19
A4: SEGUIMIENTO DE FUNCIONES TECNICAS Y ADMINISTRATIVAS 2024-2026
A6: No. | B6: ACTIVIDAD | C6: 2024 | J6: 2025 | V6: 2026 | AC6: OBSERVACIONES
C7: Jun | D7: Jul | E7: Ago | F7: Sep | G7: Oct | H7: Nov | I7: Dic | J7: Ene | K7: Feb | L7: Mar | M7: Abr | N7: May | O7: Jun | P7: Jul | Q7: Ago | R7: Sep | S7: Oct | T7: Nov | U7: Dic | V7: Ene | W7: Feb | X7: Mar | Y7: Abr | Z7: May | AA7: Jun | AB7: Jul
A8: 1 | B8: Participar activamente en la prevención de riesgos y atención de las emergencias que se presenten en las vías-Elaborar directorio de emergencias
A9: 2 | B9: Alertar oportunamente al INVÍAS sobre la necesidad de diseñar y construir obras especiales para la mitigación de la inestabilidad en sitios críticos
A10: 3 | B10: Informar oportunamente al INVIAS sobre la necesidad de diseñar obras y adelantar acciones en relación con el entorno de la vía, encaminadas a su ornato, a la preservación del medio ambiente y a la contaminación visual
A11: 4 | B11: Planear, organizar, dirigir, coordinar, evaluar y controlar las actividades de los trabajadores de mantenimiento rutinario encargados del mantenimiento rutinario de las carreteras que se le asignen y ejercer su supervisión
A12: 5 | B12: Actualizar los costos de mantenimiento vial (Análisis de Precios Unitarios – APU) y suministrar la información requerida para los sistemas de administración de carreteras que utiliza INVÍAS
A13: 6 | B13: Mantener actualizado el sistema de referenciación vial, con base en la información que le suministre INVÍAS y reponer los postes de referencia que hagan falta en las vías a su cargo y realizar visitas técnicas de auscultación para el diagnóstico del estado general de las obras ejecutadas mediante contratos y que tienen póliza de estabilidad vigente, según relación de contratos y programación que les será entregada por INVIAS
A14: 7 | B14: Inspeccionar los puentes de manera rutinaria, dirigir y verificar su mantenimiento rutinario y periódico
A15: 8 | B15: Capacitar cada mes a los trabajadores de mantenimiento rutinario a su cargo, en los temas relacionados con el mantenimiento rutinario de carreteras, de puentes, aspectos administrativos y de economía solidaria
A16: 9 | B16: Participar en las reuniones de coordinación con la Dirección Territorial, evaluaciones y programas de transferencia de tecnología que INVÍAS programe para los ingenieros de la administración vial, en diferentes sitios del país
A17: 10 | B17: Evaluar con criterio de transitabilidad (visual) el estado de la red vial a su cargo con la metodología suministrada por el INVIAS
A18: 11 | B18: Apoyar la GESTION de la Territorial en los contratos que ejecute el INVÍAS en sectores de carreteras a su cargo
A19: 12 | B19: Establecer las necesidades de las vías y puentes en materia de señalización vertical y horizontal, llevar un inventario de necesidades de señalización
A20: 13 | B20: Recolección, digitación y reporte de la información relacionada con la accidentalidad ocurrida en los tramos de carreteras, así como la realización de estudios y presentación de recomendaciones técnicas encaminadas al mejoramiento de la seguridad vial
A21: 14 | B21: Proporcionar datos para el cálculo del patrimonio de las vías objeto del contrato | AC21: ( ! )
A22: 15 | B22: Velar por el cumplimiento de la reglamentación referente al buen uso y defensa de las vías y gestionar acciones que brinden servicios a los usuarios de las carreteras en coordinación con las Territoriales y las autoridades locales competentes
A23: 16 | B23: Supervisar la elaboración de los conteos manuales de tránsito, revisar la información de campo que se enviará a planta central para su procesamiento y verificar los operativos de control de carga | AC23: ( ! )
A24: 17 | B24: Llevar a efecto la toma de información y/ó ajustes de la vía a su cargo con un equipo de GPS
A25: 18 | B25: Realizar estimativos sobre la vida residual de los pavimentos de los sectores a su cargo
A26: 19 | B26: Evaluar con criterio técnico el estado de la red vial semestralmente con la metodología suministrada por el INVIAS
A27: 20 | B27: Colaborar en la toma de la georreferenciación desarrollada por el INVIAS para la actualización del mapa digital de la red vial y mantener al día la información del inventario vial, a través del Sistema de Información Geográfico - HERMES - del INVIAS
A28: 21 | B28: Efectuar estudios tendientes a solucionar problemas de inestabilidad en las vías a su cargo, cuando se lo requiera el INVIAS y su costo se encuentre dentro del presupuesto de su propuesta | AC28: ( ! )
A29: 22 | B29: Participar activamente en la etapa de transición e implementación del Sistema de Información Vial - HERMES, realizando de manera permanente el cargue, actualización, mantenimiento y demás actividades derivadas de la información del inventario vial, eventos de emergencias, accidentalidad y estado de la superficie (criterio técnico), dispuesta a través del Sistema de Información Vial - HERMES, con usuario y contraseña asignado por la administración del Sistema
A30: 23 | B30: Ejecutar obras menores preventivas y de mantenimiento rutinario, con mano de obra de los trabajadores de mantenimiento rutinario, aprobadas por la Dirección Territorial, quien suministrará los recursos necesarios y disponibles | AC30: ( ! )
A31: 24 | B31: Recolección, digitación y reporte de la información relacionada con el atropellamiento de fauna (aplicativo SUKUBUN) ocurrida en los tramos de carreteras, así como la realización de estudios preliminares y presentación de recomendaciones técnicas encaminadas al establecimiento de pasos de fauna, de acuerdo con la metodología planteada por el INVIAS | AC31: ( ! )
A32: 25 | B32: Realizar las acciones y actividades necesarias para implementar la política de embellecimiento y ornato
A33: 26 | B33: Prestar apoyo al programa de gestión de infraestructura que adelante el INVIAS. En coordinación con la Subdirección Planificación de Infraestructura (SPI) y y la Dirección Territorial, el Administrador Vial deberá apoyar todas las labores que correspondan a los contratos y convenios que ejecute INVIAS, para el desarrollo del programa de gestión de infraestructura en las vías a su cargo, e igualmente apoyará en el levantamiento de la información respectiva de acuerdo a la metodología suministrada por INVIAS | AC33: ( ! )
A34: 27 | B34: Apoyar la validación de alertas emitidas por los dispositivos ITS, y reportarlas a los Directores Territoriales correspondientes. | AC34: ( ! )
A35: 28 | B35: Supervisar la elaboración de los conteos manuales y/o automatizados (DISPOSITIVOS ITS) de tránsito, revisar la información de campo que se enviará a planta central para su procesamiento y verificar los operativos de control de carga. | AC35: ( ! )
A36: 29 | B36: Efectuar los tapahuecos con mano de obra de los trabajadores de mantenimiento rutinario. | AC36: ( ! )
A38: ( ! ) | B38: Anticipadamente se informará la fecha de realización de esta actividad.
AC39: VOLVER A TABLA DE CONTENIDO

Sheet FICHA CUANTI AMV
A1: INSTITUTO NACIONAL DE VIAS
A3: CUADRO No. 20
A4: FICHA CUANTITATIVA DE LOS ADMINISTRADORES VIALES
A7: GRUPO | B7: ADMINISTRADOR | C7: CTO No. | D7: Vr. CONTRATO | E7: FECHA | F7: FECHA | G7: KMS A | H7: VEHICULOS | K7: OBSERVACIONES
B8: VIAL | E8: INICIACION | F8: TERMINACION | G8: ATENDER | H8: PLACA | I8: CLASE | J8: MODELO
A9: 1 | B9: CONSORCIO PROIN | C9: 2003 DE 2024 | D9: 4050198082 | E9: 45527 | F9: 46234 | G9: =119.63+10.4 -> 130.03 | H9: LSQ 983 | I9: CAMIONETA | J9: 2023
H10: UDS 343 | I10: CAMIONETA | J10: 2015
A24: NOTA: Relacionar contrato principal y adicionales. | I24: VOLVER A TABLA DE CONTENIDO

Sheet FICHA CUALI AMV
A1: INSTITUTO NACIONAL DE VIAS
A3: CUADRO No. 21
A4: FICHA CUALITATIVA DE LOS ADMINISTRADORES VIALES
A7: GRUPO | B7: ADMINISTRADOR | C7: NIT Ó | D7: REPRESENTANTE | E7: INGENIERO | F7: INGENIERO | G7: INGENIERO | H7: DIRECCION
B8: VIAL | C8: C.C. | D8: LEGAL | E8: RESIDENTE | F8: AUXILIAR | G8: AUXILIAR II | H8: OFICINA
A9: 1 | B9: CONSORCIO PROIN | C9: 901.734.582-3 | D9: DIEGO ENRIQUE GÓMEZ VERA | E9: JAIRO ANDRES VILLARREAL PANTOJA | F9: YINO FAUSTO MORENO ZAPATA | G9: CARLOS ANDRES ASCUNTAR BOTINA | H9: BARRIO IBERIA FRENTE 1ER TANQUE ECOPETROL VÍA TUMACO JUNÍN PR8+300 MUNICIPIO DE TUMACO
A12: GRUPO | B12: CORREO | C12: TELEFONOS | F12: SECTOR A CARGO | G12: PR i | H12: PR f
B13: ELECTRONICO | C13: RES. | D13: OFIC. | E13: CELULAR
A14: 1 | B14: amvnar1200324@gmail.com | C14: - | D14: 313 4961051 | E14: 315 4596419 316 2216028 311 4241776 | F14: RUTA 1001 | G14: 0+0000 | H14: 118+1006
F15: RUTA 0501 | G15: 0+0000 | H15: 10+0400
F17: VOLVER A TABLA DE CONTENIDO

Sheet FICHA CUANTI MR
A1: INSTITUTO NACIONAL DE VIAS
A3: CUADRO No. 22
A4: FICHA CUANTITATIVA CONTRATISTA SERVICIO DE MANTENIMIENTO RUTINARIO
A6: DIRECCION TERRITORIAL: | D6: NARIÑO
A8: GRUPO | B8: NOMBRE | C8: TIPO DE TERRENO | G8: TOTAL | H8: VALOR | I8: VALOR TOTAL | J8: No. | K8: No. CTO | L8: VIGENCIA CONTRATO
B9: CONTRATISTA MR | C9: I | D9: II | E9: III | F9: IV | G9: (KMS) | H9: CONTRATO | I9: CONTRATOS | J9: SOCIOS | K9: Ppal y adic | L9: INICIO | M9: TERMINACION
A10: 2024 - 2026
D11: 45.66 | G11: =SUM(D11:F12) -> 45.66 | H11: 1263361082 | I11: =+H11 -> 1263361082 | J11: 12 | K11: 3751 DE 2024. | L11: FALTA ORDEN DE INICIO | M11: 46234
A12: 1 | B12: EL MIRA LTDA
D13: =34.48+10.4 -> 44.88 | G13: =SUM(D13:F14) -> 44.88 | H13: 1472479770 | I13: =+H13 -> 1472479770 | J13: 14 | K13: 3712 DE 2024. | L13: FALTA ORDEN DE INICIO | M13: =+M11 -> 46234
A14: 2 | B14: LOS ANDES
D15: 28.55 | E15: 10.95 | G15: =SUM(D15:F16) -> 39.5 | H15: 1188864947 | I15: =+H15 -> 1188864947 | J15: 12 | K15: 3715 DE 2024. | L15: FALTA ORDEN DE INICIO | M15: =+M11 -> 46234
A16: 3 | B16: GUAYACAN
B17: TOTALES | C17: =SUM(C11:C16) -> 0 | D17: =SUM(D11:D16) -> 119.09 | E17: =SUM(E11:E16) -> 10.95 | F17: =SUM(F11:F16) -> 0 | G17: =SUM(G11:G16) -> 130.04 | H17: =SUM(H11:H16) -> 3924705799 | I17: =SUM(I11:I16) -> 3924705799 | J17: =SUM(J11:J16) -> 38
A18: 2023 - 2024
A19: 1 | B19: EL MIRA | D19: 45.43 | G19: =SUM(D19:F20) -> 45.43 | H19: 181754694 | I19: =+H19 -> 181754694 | J19: 11 | K19: 3169 de 2023 | L19: 45201 | M19: 45322
A21: 2 | B21: LA NUEVA UNIÓN | D21: 44.88 | G21: =SUM(D21:F22) -> 44.88 | H21: 212962688 | I21: 178649824 | J21: 11 | K21: 3196 de 2023 | L21: =+L19 -> 45201 | M21: =+M19 -> 45322
A23: 3 | B23: GUAYACÁN | D23: 28.54 | E23: 10.95 | G23: =SUM(D23:F24) -> 39.49 | H23: 174632580 | I23: =+H23 -> 174632580 | J23: 11 | K23: 3197 de 2023 | L23: =+L19 -> 45201 | M23: =+M19 -> 45322
B25: TOTALES | C25: =SUM(C19:C24) -> 0 | D25: =SUM(D19:D24) -> 118.85 | E25: =SUM(E19:E24) -> 10.95 | F25: =SUM(F19:F24) -> 0 | G25: =SUM(G19:G24) -> 129.8 | H25: =SUM(H19:H24) -> 569349962 | I25: =SUM(I19:I24) -> 535037098 | J25: =SUM(J19:J24) -> 33
A26: Notas:
A27: PARA EL GRUPO 1 CON EL CONTRATO 3751 DE 2024 ATIENDEN 45.66 KM
A28: PARA EL GRUPO 2 CON EL CONTRATO 3712 DE 2024 ATIENDEN 44.88 KM
A29: PARA EL GRUPO 3 CON EL CONTRATO 3715 DE 2024 ATIENDEN 39.49 KM, TIPO II (28.55 KM), TIPO III (10.95 KM)
J30: VOLVER A TABLA DE CONTENIDO

Sheet FICHA CUALI MR
A1: INSTITUTO NACIONAL DE VIAS
A3: CUADRO No. 23
A4: FICHA CUALITATIVA CONTRATISTA SERVICIO DE MANTENIMIENTO RUTINARIO
A6: DIRECCION TERRITORIAL: | C6: NARIÑO
A9: GRUPO | B9: NOMBRE | C9: REPRESENTANTE | D9: NIT ó | E9: DIRECCION | F9: TELEFONO | G9: CODIGO | H9: SECTOR | I9: ABSCISA | K9: ADMINISTRADOR VIAL
B10: CONTRATISTA MR | C10: LEGAL | D10: C.C. | F10: y/ó CELULAR | G10: DE LA VIA | I10: PR I | J10: PR F
A11: 1 | B11: =+'FICHA CUANTI MR'!B12 -> EL MIRA LTDA | C11: GLORIA ALEXANDRA CAICEDO ORDOÑEZ | D11: 840.000.038-7 | E11: TANGAREAL, PR 37+0850 RUTA 1001 | F11: 311 3605408 310 4771725 | G11: 1001 | H11: TUMACO - ESPRIELLA | I11: 0+0000 | J11: 45+0660 | K11: CONSORCIO PROIN
A12: 2 | B12: =+'FICHA CUANTI MR'!B14 -> LOS ANDES | C12: DARIO ANTONIO HERNANDEZ | D12: 817.002.227-8 | E12: CALLE PRINCIPAL TORIBIO - CAUCA | F12: 3113805318 | G12: 1001 | H12: ESPRIELLA - LA GUAYACANA | I12: 45+0660 | J12: 80+0000
G13: 0501 | H13: ESPRIELLA - RÍO MIRA - RÍO MATAJE | I13: 0+0000 | J13: 10+0400
A14: 3 | B14: =+'FICHA CUANTI MR'!B16 -> GUAYACAN | C14: ANGEL MARIA BURBANO MOREANO | D14: 800.174.713-1 | E14: LA MARIA, PR 98+0500 RUTA 1001 | F14: 318 740 0766 | G14: 1001 | H14: LA GUAYACANA - JUNIN | I14: 80+0000 | J14: 118+1006
I16: VOLVER A TABLA DE CONTENIDO

Sheet APOYO SUPERVISIÓN CONTRATOS
A1: INSTITUTO NACIONAL DE VIAS
A2: DIRECCION TERRITORIAL NARIÑO
A4: CUADRO No. 24
A6: INFORMACIÓN DE APOYO A LA SUPERVISIÓN A CONTRATOS DE OBRA
B8: INGENIERO(S) RESIDENTE(S): | C8: JAIRO ANDRES VILLARREAL PANTOJA | J8: TRIMESTRE EVALUADO: | K8: AGO - SEP/2024
A11: No. CONTRATO PRINCIPAL | B11: OBJETO | C11: CONTRATISTA | D11: PLAZO | G11: FECHA INICIO | H11: FECHA FINALIZACIÓN | I11: VALOR CONTRATO $ | L11: OBSERVACIONES
D12: INICIAL | E12: ADICIONAL | F12: FINAL | I12: BASICO | J12: IVA | K12: TOTAL
A13: 3174-2023 | B13: OBRAS DE SEÑALIZACION Y SEGURIDAD VIAL EN VIAS A CARGO DEL INSTITUTO NACIONAL DE VIAS, DIRECCION TERRITORIAL NARIÑO | C13: SERVICIOS TECNICOS EN INGENIERIA Y SEÑALIZACION SAS | D13: 2 | E13: ´0 | F13: ´2 | G13: 45202 | H13: 45262 | I13: 99273535 | J13: 725460 | K13: =+I13+J13 -> 99998995
A14: 2341-2023 | B14: SUMINISTRO DE MEZCLA ASFALTICA VIA 1001 TUMACO - JUNIN PR 0+0000 AL PR 119+0900, EN EL DEPARTAMENTO DE NARIÑO | C14: ALBERTO RAFAEL TOLEDO VERGARA | D14: 3 | F14: 3 | G14: 45112 | H14: 45233 | I14: 50419881 | J14: 9579777 | K14: =+I14+J14 -> 59999658
A27: NOTA: Para el periodo no hay contratos de obra asignados diferentes a los de mantenimiento rutinario.
A28: NOTA: Reportar la información de los contratos de obra a los cuales presta apoyo a la Dirección Territorial en la supervisión de contratos de obra.
J30: VOLVER A TABLA DE CONTENIDO

Sheet RESEÑA 1-FOTOGRÁFICA
B1: INSTITUTO NACIONAL DE VIAS
B3: DIRECCIÓN TERRITORIAL NARIÑO
B5: RESEÑA 1 - FOTOGRAFICA
B7: INGENIERO RESIDENTE: | D7: JAIRO ANDRES VILLARRREAL PANTOJA
D9: TRIMESTRE EVALUADO: | F9: AGO - SEP/2024
B11: REGISTRO FOTOGRAFICO ACTIVIDADES ADMINISTRACION VIAL GRUPO 1
B13: ADMINISTRACION VIAL GRUPO 1 - AGOSTO 2024
B15: Entre los PR003+0085 – PR003+0392 Puente El Morro: monitoreo del sitio, paso con precaución en los dos carriles, pavimento en mal estado debido a intervención Contrato de Obra No. 2907 de 2023.
B26: Entre los PR006+0687 – PR006+0703 Puente El Pindo: monitoreo del sitio, paso con precaución en los dos carriles, intervención Contrato de Obra No. 2907 de 2023.
B38: Entre los PR011+0500 – PR017+0266 sector El Tigre: monitoreo de sitio; paso con precaución en los dos carriles donde se presentan agrietamientos, ahuellamientos y hundimientos en la carpeta asfáltica por perdida de confinamiento del material de terraplén soporte de vía.
B50: Entre los PR017+0230 – PR017+0266 Puente Agua Clara: monitoreo del sitio, paso con precaución en los dos carriles, intervención Contrato de Obra No. 2907 de 2023
B61: Monitoreo de sitio crítico PR 18+600: paso con precaución carril derecho en dirección Tumaco-Junín, socavación en el terraplén soporte de estructura del pavimento.
B72: Monitoreo de sitio crítico PR 18+600: paso con precaución carril derecho en dirección Tumaco-Junín, socavación en el terraplén soporte de estructura del pavimento.
B84: ADMINISTRACION VIAL GRUPO 1 - SEPTIEMBRE 2024
B86: Inventario de resaltos 1001 Vía Tumaco – Junín y 0501 Vía La Espriella - Río Mira - Río Mataje.
B97: Recorrido vial donde se recolectó información de señalización vertical y horizontal, para dar respuesta a solicitudes realizadas por las universidad Nacional y Univeridad de Nariño Ruta 1001
B109: Recorrido vial donde se recolectó información de señalización vertical y horizontal, para dar respuesta a solicitudes realizadas por las universidad Nacional y Univeridad de Nariño Ruta 1001
... B187: Acompañamiento INVIAS y ministerio de transporte con comunidades Negras, Afrocolombianas, Raizales y Palenqueras, en función al programa de caminos comunitarios.
A199: NOTA: Todas las fotografías deben estar identificadas arriba o abajo, indicando la vía, el sector, el PR, la fecha impresa con el fechador de la cámara y la descripción de lo que se quiere resaltar.
A201: CUANDO SE REALICEN PARCHEOS SE TOMARAN FOTOS DEL ANTES Y DEL DESPUES
D203: VOLVER A TABLA DE CONTENIDO

Sheet RESEÑA 2-PRENSA
A1: INSTITUTO NACIONAL DE VIAS
A3: DIRECCION TERRITORIAL NARIÑO
A7: RESEÑA 2 - DE PRENSA
A9: INGENIERO(s) RESIDENTE(s): | C9: JAIRO ANDRES VILLARREAL PANTOJA
D11: TRIMESTRE EVALUADO: | F11: AGO - SEP / 2024
A538: NOTA: Todos los artículos deben estar identificados, idicando la fecha de la publicación y medio periodístico
A539: RELACIONAR SOLO AQUELLOS ARTICULOS QUE TRATEN DE LAS CARRETERAS A SU CARGO
D541: VOLVER A TABLA DE CONTENIDO

Sheet COMENTARIOS
A1: INSTITUTO NACIONAL DE VIAS
A3: DIRECCION TERRITORIAL NARIÑO
A5: COMENTARIOS GENERALES
A7: INGENIERO(S) RESIDENTE(S): | D7: JAIRO ANDRES VILLARREAL PANTOJA
C9: TRIMESTRE EVALUADO: | E9: =+'CAPACITACION S.T.M. RUTINARIO'!E10 -> AGO - SEP / 2024
E370: VOLVER A TABLA DE CONTENIDO

Sheet CAPACITACION S.T.M. RUTINARIO
A1: INSTITUTO NACIONAL DE VIAS
A3: DIRECCION TERRITORIAL NARIÑO
A5: CAPACITACION TRABAJADORES DE MANTENIMIENTO RUTINARIO
A7: INGENIERO(S) RESIDENTE(S): | D7: JAIRO ANDRES VILLARREAL PANTOJA
D10: TRIMESTRE EVALUADO: | E10: =+'RESEÑA 2-PRENSA'!F11 -> AGO - SEP / 2024
A11: TEMA: | B11: N/A
A20: NO SE CUENTA CON ORDEN DE INICIO PARA LOS SERVICIOS DE MANTENIMIENTO RUTINARIO
A21: DE CADA CAPACITACION MENSUAL SE DEBE PRESENTAR: LA FECHA, LUGAR Y EL RESUMEN DEL TEMA DE LA CAPACITACION QUE SE DICTO, LA COPIA ESCANEADA DEL LISTADO DE ASISTENCIA CON LAS FIRMAS DE LOS MICROEMPRESARIOS QUE ASISTIERON Y EL REGISTRO FOTOGRAFICO DE LA REUNION DE CAPACITACION.
E47: VOLVER A TABLA DE CONTENIDO
F702: VOLVER A TABLA DE CONTENIDO

Sheet 1P
A4: INSTITUTO NACIONAL DE VIAS
A5: SUBDIRECCION DE LA RED NACIONAL DE CARRETERAS
A6: DIRECCION TERRITORIAL NARIÑO
A7: INVITACION PUBLICA IP-DT-NAR-XXX-2017
A9: INSPECCION ESPECIAL PUENTE DEL MORRO
A10: PRESUPUESTO OFICIAL - FORMULARIO 1
A11: PLAZO: 3 MESES
A13: COSTOS DIRECTOS DE PERSONAL
A14: CANT | B14: DESCRIPCION | C14: SUELDO Y/O | D14: DEDICACIÓN | E14: VALOR
C15: JORNAL MENSUAL | D15: (H-M) | E15: PARCIAL ($)
B16: PERSONAL PROFESIONAL
A17: 1 | B17: Ingeniero Director | C17: 7000000 | D17: 3 | E17: =+C17*D17 -> 21000000
A18: 1 | B18: Especialista en Puentes | C18: 5500000 | D18: 3 | E18: =+C18*D18 -> 16500000
A19: 1 | B19: Especialista Hidraulico | C19: 5500000 | D19: 3 | E19: =+C19*D19 -> 16500000
A20: 1 | B20: Especialista Geotécnico | C20: 5500000 | D20: 3 | E20: =+C20*D20 -> 16500000
A21: 1 | B21: Especialista Estructural | C21: 5500000 | D21: 3 | E21: =+C21*D21 -> 16500000
A22: 1 | B22: Profesionales Auxiliares Gestión de Calidad | C22: 4000000 | D22: 3 | E22: =+C22*D22 -> 12000000
A23: SUBTOTAL COSTOSDIRECTOS DE PERSONAL | E23: =SUM(E17:E22) -> 99000000
A24: FACTOR MULTIPLICADOR | E24: 2.4
A25: TOTAL COSTOS DIRECTOS DE PERSONAL | E25: =+E23*E24 -> 237600000
A26: OTROS COSTOS DIRECTOS
A27: CANT. | B27: CONCEPTO | C27: UNIDAD | D27: COSTO ($) | E27: VALOR
E28: PARCIAL ($)
A29: 20 | B29: Viáticos Especialistas | C29: Día | D29: 301000 | E29: =+A29*D29 -> 6020000
A30: 3 | B30: Comisión topográfica (Incluye Personal, Equipos y Transporte) | C30: mes | D30: =104000*30 -> 3120000 | E30: =+A30*D30 -> 9360000
A31: 3 | B31: Comisión de Laboratorio de concretos (Incluye Laboratorista y dos auxiliares, transportes y viáticos) | C31: mes | D31: 5500000 | E31: =+A31*D31 -> 16500000
A32: 1 | B32: Ejecución de ensayos, ecosondas, embarcaciones | C32: Global (s/comprobante) | D32: 50000000 | E32: =+A32*D32 -> 50000000
A33: 1 | B33: Transportes Terrestres y Aereos | C33: Global (s/comprobante) | D33: 8400000 | E33: =+A33*D33 -> 8400000
A34: 3 | B34: Campamento (incluye alquiler, servicios públicos y comunicaciones) | C34: mes | D34: 1500000 | E34: =+A34*D34 -> 4500000
A35: 3 | B35: Edición de Informes (Semanales, mensuales y final, incluye ploteo de planchas original en papel de seguridad y dos copias en papel bond y archivos magnéticos) | C35: mes | D35: 860000 | E35: =+A35*D35 -> 2580000
A36: 3 | B36: VehÍculo mayor a 1500 cc y modelo no inferior a 10 años (incluye combustible) | C36: mes | D36: 4500000 | E36: =+D36*A36 -> 13500000
A37: TOTAL OTROS COSTOS DIRECTOS | E37: =SUM(E29:E36) -> 110860000
A38: COSTO BÁSICO | E38: =+E25+E37 -> 348460000
A39: IVA (19%) | E39: =+E38*0.19 -> 66207400
A40: COSTO TOTAL ESTUDIOS PUENTE EL MORRO | E40: =SUM(E38:E39) -> 414667400
A41: NOTAS:
A42: 1. Los viáticos se reconocerán según su utilización real y sin superar los topes fijados en la resolución que el Instituto a tal fecha tenga vigente.
A43: 2. Los transportes aéreos y terrestres, edición de informes y ensayos de laboratorio y de campo reembolsará según su costo real, contra presentación de factura.
B47: REPRESENTANTE LEGAL
B48: CONTRATISTA
D51: VOLVER A TABLA DE CONTENIDO
